 Dungeon Crawl Stone Soup version 0.29.0-4-gdea44cf6ec (webtiles) character file.

Game seed: 5540234153759253468

538663 qw the Invulnerable (level 24, -4/232 (249) HPs)
             Began as a Minotaur Berserker on Sept 10, 2022.
             Was a High Priest of Trog.
             Killed from afar by a red draconian (11 damage)
             ... with a searing blast
             ... led by a yellow draconian annihilator
             ... on level 4 of the Realm of Zot.
             The game lasted 00:28:07 (61002 turns).

qw the Invulnerable (Minotaur Berserker)           Turns: 61002, Time: 00:28:08

HP:   -4/232 (249)  AC: 39    Str: 42    XL:     24   Next: 66%
MP:   22/22         EV: 19    Int: 11    God:    Trog [*****.]
Gold: 4577          SH: 30    Dex: 19    Spells: 23/23 levels left

rFire   + . .      SeeInvis +   G - +8 war axe of Discomfort {vamp, +Blink Str+3}
rCold   + + +      Faith    .   p - +1 tower shield {rN+}
rNeg    + . .      Spirit   .   s - +2 gold dragon scales
rPois   +          Reflect  +   a - +2 hat of Jegh {-Cast rC+ SInv}
rElec   +          Harm     .   t - +2 cloak {Will+}
rCorr   .          Rampage  .   u - +2 pair of gloves {Dex+3}
Will    ++...      NoCast   +   q - +2 pair of boots
Stlth   ..........              C - amulet of reflection
HPRegen 0.48/turn               d - ring "Talischo" {AC+4 Str+7 Int+7 Stlth-}
MPRegen 0.18/turn               m - ring "Caag" {rElec rC+ Dex+4}

@: about to teleport, corroded, on berserk cooldown, drained
A: horns 2, retaliatory headbutt, talons 1, mutation resistance 1
}: 3/15 runes: decaying, silver, gossamer
a: Renounce Religion, Evoke Blink, Berserk, Trog's Hand, Brothers in Arms


You were on level 4 of the Realm of Zot.
You worshipped Trog.
Trog was extremely pleased with you.
You visited 8 branches of the dungeon, and saw 43 of its levels.
You visited the Abyss 1 time.

You collected 7289 gold pieces.
You spent 2712 gold pieces at shops.


Innate Abilities, Weirdness & Mutations

You have a pair of horns on your head.
You reflexively headbutt those who attack you in melee.
You have sharp toenails.
You are somewhat resistant to further mutation.


   Skills:
 O Level 27 Fighting
 - Level 21.0 Axes
 - Level 8.6 Throwing
 O Level 27 Armour
 + Level 18.6 Dodging
 - Level 23.1 Shields
 - Level 4.4 Evocations


You had 23 spell levels left.
You didn't know any spells.
Your spell library was empty.

Inventory:

Hand Weapons
 o - the +14 obsidian axe {vorpal, Mesm Drain Fly SInv}
   (You acquired it on level 11 of the Dungeon)

   It inflicts extra damage upon your enemies.
   It occasionally summons demons to assist the wielder when it strikes in
   combat.
   Its wielder is mesmerised by any visible foes.
   It cannot be unequipped while any foes are visible.
   SInv:      It lets you see invisible.
   Fly:       It grants you flight.
   Drain:     It drains your maximum health when unequipped.
 G - the +8 war axe of Discomfort (weapon) {vamp, +Blink Str+3}
   (You bought it in a shop on level 2 of the Orcish Mines)

   It occasionally heals its wielder for a portion of the damage dealt when it
   wounds a living foe.
   Str:       It affects your strength (+3).
   +Blink:    It lets you blink.
Missiles
 z - 12 boomerangs (quivered)
Armour
 a - the +2 hat of Jegh (worn) {-Cast rC+ SInv}
   (You acquired it on level 7 of the Dungeon)

   rC:        It protects you from cold.
   SInv:      It lets you see invisible.
   -Cast:     It prevents spellcasting.
 e - +4 storm dragon scales {Bai Suzhen}
 p - a +1 tower shield of positive energy (worn)
 q - a +2 pair of boots (worn)
 s - +2 gold dragon scales (worn)
 t - a +2 cloak of willpower (worn)
 u - a +2 pair of gloves of dexterity (worn)
 w - the +0 pair of gloves "Tengi" {-Cast Harm rPois rC++ SInv}
   (You found it on level 5 of the Vaults)

   rC:        It greatly protects you from cold.
   rPois:     It protects you from poison.
   SInv:      It lets you see invisible.
   -Cast:     It prevents spellcasting.
   Harm:      It increases damage dealt and taken.
 y - a +1 cloak of poison resistance
Jewellery
 b - the amulet "Jinyngott" {RegenMP rC- Str+6 Dex+3}
   (You took it off a frost giant on level 3 of the Depths)

   [amulet of magic regeneration]

   It increases your rate of magic regeneration.
   Str:       It affects your strength (+6).
   Dex:       It affects your dexterity (+3).
   rC:        It makes you vulnerable to cold.
 d - the ring "Talischo" (left hand) {AC+4 Str+7 Int+7 Stlth-}
   (You found it on level 3 of the Realm of Zot)

   [ring of protection]

   AC:        It affects your AC (+4).
   Str:       It affects your strength (+7).
   Int:       It affects your intelligence (+7).
   Stlth:     It makes you less stealthy.
 m - the ring "Caag" (right hand) {rElec rC+ Dex+4}
   (You found it on level 3 of the Depths)

   [ring of protection from cold]

   Dex:       It affects your dexterity (+4).
   rC:        It protects you from cold.
   rElec:     It insulates you from electricity.
 C - an amulet of reflection (around neck)
 H - a ring of fire
 Y - a +4 ring of protection
Scrolls
 j - 2 scrolls of identify
 n - 6 scrolls of teleportation
 x - 6 scrolls of enchant weapon
 A - 3 scrolls of brand weapon
Potions
 c - a potion of cancellation
 g - 14 potions of curing
 h - 11 potions of mutation
 k - 8 potions of might
 l - 7 potions of haste

Dungeon Overview and Level Annotations

Branches:
Dungeon (15/15)            Temple (0/1) D:5            Lair (5/5) D:10
  Swamp (4/4) Lair:3       Spider (4/4) Lair:2        Slime (0/5) Lair:4
    Orc (2/2) D:11            Elf (0/3) Orc:2        Vaults (5/5) D:14
  Crypt (0/3) Vaults:3     Depths (4/4) D:15            Zot (4/5) Depths:4

Altars:
Dithmenos
Gozag
Hepliaklqana
Kikubaaqudgha
Ru
Trog
Zin
Jiyva
Lugonu

Shops:
D:15 (   Orc:1 :   Orc:2 ?[([*!   Vaults:1 (   Vaults:3 ((

Portals:
Hell: Depths:1 Depths:2 Depths:3 Depths:4
Abyss: Depths:3
Pandemonium: Depths:2
Ziggurat: Depths:1

Annotations:
D:3 Natasha
D:9 1 runed translucent door, qw's ghost, novice MiBe
D:10 2 transporters
D:13 2 transporters, Gonodgh's ghost, journeyman MiFi
Spider:2 2 transporters
Vaults:4 1 runed translucent door, Vatovie's ghost, veteran MiFi
Zot:4 Josephina; Tiamat


Message History

You hit the white draconian simulacrum. You slash the purple draconian!
Your surroundings suddenly seem different.
An orb of fire, a golden dragon and 2 red draconians come into view.
A red draconian is wielding a +0 vampiric hand axe.
Found a stone staircase leading up.
The golden dragon roars deafeningly!
The red draconian roars! x2
You hear a roar! x2
The red draconian breathes fire at you. The searing blast misses you.
A purple draconian comes into view. It is wielding a +0 scimitar.
A yellow draconian annihilator comes into view.
It is wielding a +0 short sword.
The orb of fire emits a lurid red light.
The bolt of fire hits you!! You resist.
Enter note:
61000 ||| READING 7 scrolls of teleportation.
As you read the scroll of teleportation, it crumbles to dust.
You feel strangely unstable.
You feel the Orb delaying your translocation!
You are engulfed in blazing flames.
You resist.
The yellow draconian annihilator roars!
The orb of fire glows red.
The bolt of fire hits you!! You resist.
The golden dragon breathes poison at you.
The blast of poison engulfs you. You resist.
The red draconian breathes fire at you. The searing blast hits you. You resist.
Found an amulet of regeneration.
You hear a roar!
The yellow draconian annihilator mumbles some strange words.
The yellow draconian annihilator blinks!
You hear a roar! x2
The red draconian breathes fire at you.
The searing blast hits you but does no damage.
The golden dragon breathes cold at you.
The bolt of cold hits you but does no damage.
The yellow draconian annihilator gestures at you while chanting.
The iron shot hits you! The red draconian breathes fire at you.
The searing blast hits you! You resist.
You die...

##. # ##
##..##.#. #.#
##...#.#. #.##.
#...#.."##.#...
##..*#...#¤.....
#...#.0.#.......
##......000.....#
#....d..0¤0.....#
#....D0@#¤0##..#.
...d.0d##.0#
...q... ##.#
..##. ...#... .#
..... .. ##.. ##
..... # #.. ?....
##. #.... #.
...!. .##..


You could see an orb of fire, a golden dragon (catching breath), a purple
draconian, 2 draconians and a yellow draconian annihilator.

Vanquished Creatures
  2 orbs of fire
  Mennas (Depths:3)
  A juggernaut (Depths:2)
  Bai Suzhen (Spider:4)
  Boris (twice) (Vaults:3 Depths:1)
  Saint Roka (Orc:2)
  the Lernaean hydra (Swamp:4)
  5 caustic shrikes
  A curse toe (Zot:3)
  Margery (Vaults:4)
  4 bone dragons
  9 golden dragons
  A profane servitor (Vaults:4)
  Arachne (Spider:2)
  11 tentacled monstrosities
  6 liches
  A walking earthen tome (Depths:3)
  2 walking frostbound tomes
  4 titans
  6 quicksilver dragons
  Gastronok (D:9)
  A tentacled starspawn (Abyss:3)
  2 death cobs
  7 sphinxes
  2 thorn hunters
  5 shadow dragons
  Donald (Spider:4)
  8 draconian monks
  5 tengu reavers
  16 storm dragons
  Roxanne (Spider:3)
  14 fire giants
  2 emperor scorpions
  A fenstrider witch (Swamp:3)
  14 frost giants
  6 draconian knights
  5 ghost moths
  A deep elf sorcerer (Vaults:5)
  9 vault wardens
  6 draconian scorchers
  An iron dragon (Depths:3)
  5 draconian shifters
  3 draconian stormcallers
  2 orc warlords
  A broodmother (shapeshifter) (Depths:1)
  A cacodemon (Abyss:3)
  15 ironbound preservers
  2 war gargoyles
  3 spriggan defenders
  31 very ugly things
  13 stone giants
  5 draconian annihilators
  A caustic shrike skeleton (Abyss:3)
  8 ironbound thunderhulks
  15 green draconians
  4 eleionomae
  10 dire elephants
  2 vampire knights
  17 white draconians
  2 deep elf annihilators
  A deep elf demonologist (Vaults:5)
  A dire elephant (shapeshifter) (Vaults:5)
  16 black draconians
  12 yellow draconians
  9 red draconians
  12 purple draconians
  An eidolon (Vaults:3)
  3 entropy weavers
  8 spark wasps
  A bunyip (Swamp:4)
  A deep elf death mage (Vaults:5)
  A blizzard demon (Depths:2)
  22 ettins
  A crystal guardian (Vaults:2)
  2 jiangshi (Depths:2)
  A deep elf high priest (Vaults:5)
  11 yaktaur captains
  16 hydras
  7 fire dragons
  17 boulder beetles
  An ice dragon (shapeshifter) (Vaults:5)
  6 ice dragons
  4 peacekeepers
  3 rakshasas
  12 great orbs of eyes
  27 vault guards
  5 radroaches
  A ghost crab (Swamp:2)
  2 ogre magi (Vaults:5)
  5 jorogumos
  7 ironbound frosthearts
  3 spriggan air magi
  A death knight (D:10)
  26 centaur warriors
  4 two-headed ogres
  A vampire mage (Depths:1)
  5 alligators
  9 deep troll earth magi
  4 death yaks
  2 deep troll shamans
  Urug (D:13)
  An orc high priest (Orc:2)
  A shock serpent (shapeshifter) (D:14)
  2 hell hogs (Abyss:3)
  7 spriggan berserkers
  6 tengu warriors
  16 hell knights
  A titan skeleton (Vaults:3)
  15 spriggans
  12 iron trolls
  2 wretched stars (Abyss:3)
  3 sun moths
  A shadow wraith (Vaults:5)
  3 sixfirhies
  4 goliath frogs
  7 pharaoh ants
  2 flayed ghosts
  4 spriggan druids
  A quicksilver dragon simulacrum (Zot:4)
  2 skeletal warriors (Vaults:3)
  9 orb spiders
  An anaconda skeleton (Abyss:3)
  A glowing orange brain (Vaults:1)
  3 bog bodies
  56 deep trolls
  17 starcursed masses (Abyss:3)
  7 wizards
  6 phantasmal warriors
  2 steelbarb worms
  2 golden dragon skeletons (Depths:1)
  6 lindwurms
  3 harpies (Vaults:3)
  15 ironbound convokers
  A deep elf zephyrmancer (D:12)
  10 swamp dragons
  9 necromancers
  3 deep elf pyromancers
  A shadow dragon skeleton (Depths:2)
  2 orc sorcerers (Orc:2)
  8 orc knights
  21 wolf spiders
  41 ugly things
  A tengu skeleton (Vaults:3)
  4 will-o-the-wisps
  2 fauns (shapeshifter)
  3 manticores
  3 frost giant zombies
  4 cyclopes
  A salamander (D:15)
  A fire giant zombie (Depths:2)
  22 moths of wrath
  23 elephants
  Maurice (Orc:2)
  4 black mambas
  A guardian serpent (shapeshifter) (D:14)
  A smoke demon (Abyss:3)
  A stone giant skeleton (Vaults:4)
  14 vault sentinels
  A black mamba (shapeshifter) (Depths:1)
  2 orange demons
  2 gargoyles
  10 torpor snails
  7 demonic crawlers
  6 cane toads
  2 komodo dragons
  A rime drake (Lair:3)
  4 tengu conjurers
  3 efreet
  20 yaktaurs
  An ice devil (Depths:2)
  A yaktaur skeleton (Vaults:4)
  A hellwing (Abyss:3)
  9 meliai
  22 tarantellas
  A queen bee (D:15)
  7 trolls
  2 bloated husks
  19 hornets
  A hornet (shapeshifter) (D:13)
  5 polar bears
  9 tyrant leeches
  15 blink frogs
  A meliai (shapeshifter) (D:13)
  An ettin zombie (Vaults:3)
  16 raiju
  3 human simulacra
  26 slime creatures
  2 dream sheep (Lair:5)
  2 draconian simulacra (Zot:4)
  3 flying skulls (Abyss:3)
  23 culicivoras
  A frost giant simulacrum (Depths:1)
  31 jumping spiders
  A shadow (D:9)
  A ynoxinul (Depths:2)
  57 yaks
  5 wyverns
  Eustachio (D:6)
  4 fire elementals
  2 basilisks
  Grum (D:8)
  32 redbacks
  11 vampire mosquitoes
  14 swamp worms
  8 wargs
  2 large abominations (Abyss:3)
  3 acid dragons
  9 water moccasins
  12 hell hounds
  A floating eye (Depths:1)
  A floating eye (shapeshifter) (Vaults:5)
  A sky beast (D:7)
  6 ice beasts
  6 swamp drakes (Swamp:4)
  33 orc warriors
  11 black bears
  A glowing shapeshifter skeleton (Vaults:3)
  A boggart (shapeshifter) (Vaults:5)
  7 ogres
  22 wolves
  10 centaurs
  A kobold brigand (D:10)
  3 gnoll sergeants
  A human skeleton (Vaults:4)
  14 bullfrogs
  4 scorpions
  8 wights (D:9)
  3 small abominations (Abyss:3)
  26 killer bees
  4 howler monkeys
  2 electric eels (D:11)
  A quasit (Abyss:3)
  An iron imp (Abyss:3)
  24 orc priests
  2 hounds
  3 gnoll boudas
  Natasha (twice) (D:3)
  3 iguanas
  31 orc wizards
  Robin (D:3)
  10 gnolls
  9 adders
  3 worms
  A worm (shapeshifter) (Vaults:5)
  94 orcs
  2 endoplasms
  6 giant cockroaches
  14 goblins
  8 hobgoblins
  3 jackals (D:1)
  13 kobolds
  3 quokkas
  4 ball pythons
  4 bats
  5 frilled lizards
  7 rats
  5 briar patches (Swamp:2)
  A starspawn tentacle (Abyss:3)
1830 creatures vanquished.

Vanquished Creatures (collateral kills)
  A bone dragon (Abyss:3)
  Jorgrun (Spider:1)
  An ironbound preserver (Vaults:5)
  A purple draconian (Zot:4)
  Azrael (Orc:2)
  A white draconian (Zot:4)
  7 hydras
  A catoblepas (D:14)
  An alligator (Swamp:1)
  A deep troll shaman (Depths:1)
  4 death yaks
  A vampire mage (Depths:2)
  Lodul (D:14)
  An orb spider (Spider:2)
  A swamp dragon (Swamp:4)
  A deep troll (Depths:1)
  A pharaoh ant (Spider:1)
  An orc sorcerer (Orc:2)
  An orc knight (Orc:1)
  14 elephants
  A torpor snail (Spider:4)
  5 cane toads
  A yaktaur (Vaults:2)
  3 komodo dragons
  An efreet (D:13)
  7 polar bears
  3 raiju
  7 blink frogs
  A jumping spider (Spider:4)
  4 dream sheep (Lair:5)
  2 wyverns
  2 fire elementals (Orc:2)
  2 basilisks
  5 yaks
  5 redbacks
  5 hell hounds
  4 orc warriors
  6 water moccasins
  5 black bears
  9 wolves
  5 ogres
  4 bullfrogs
  3 electric eels
  A starcursed mass (Abyss:3)
  4 orc priests
  An iron imp (Abyss:3)
  3 orc wizards
  2 worms (Lair:2)
  11 orcs
154 creatures vanquished.

Vanquished Creatures (others)
  A dread lich (Vaults:5)
  A draconian monk (Zot:4)
  A yellow draconian (Abyss:3)
  A jorogumo (Spider:4)
  An orc sorcerer (Vaults:5)
  A bloated husk (Swamp:1)
  A draconian simulacrum (Zot:4)
  A small abomination (Abyss:3)
  An orc (Orc:2)
  13 foxfires
  91 fungi
  160 plants
  2 starspawn tentacles (Abyss:3)
275 creatures vanquished.

Grand Total: 2259 creatures vanquished

Notes
Turn   | Place    | Note
-------+----------+-------------------------------------------
     0 | D:1      | qw the Minotaur Berserker began the quest for the Orb.
     0 | D:1      | Reached XP level 1. HP: 19/19 MP: 0/0
     0 | D:1      | 0 ||| qw: Version: 0.1-a-116-g5d60599
     0 | D:1      | 0 ||| qw: Game counter: 7461
     0 | D:1      | 0 ||| qw: Always use a shield: true
     0 | D:1      | 0 ||| qw: Do Orc after D:15 true
     0 | D:1      | 0 ||| qw: Do second Lair branch before Depths: true
     0 | D:1      | 0 ||| qw: Lair rune preference: random
     0 | D:1      | 0 ||| qw: Plans: Normal
     0 | D:1      | 0 ||| PLANNING D:1-11
    65 | D:1      | 65 ||| INVOKING Berserk.
   230 | D:1      | 230 ||| Stepping ~*~*~tactically~*~*~ (stealth).
   231 | D:1      | 231 ||| Stepping ~*~*~tactically~*~*~ (stealth).
   235 | D:1      | 235 ||| Stepping ~*~*~tactically~*~*~ (stealth).
   241 | D:1      | 241 ||| Stepping ~*~*~tactically~*~*~ (stealth).
   253 | D:1      | 253 ||| Stepping ~*~*~tactically~*~*~ (stealth).
   254 | D:1      | 254 ||| Stepping ~*~*~tactically~*~*~ (stealth).
   257 | D:1      | Reached XP level 2. HP: 26/26 MP: 1/1
   263 | D:1      | 263 ||| Stepping ~*~*~tactically~*~*~ (stealth).
   264 | D:1      | 264 ||| Stepping ~*~*~tactically~*~*~ (stealth).
   308 | D:1      | Found a faded altar of an unknown god.
   784 | D:1      | 784 ||| Stepping ~*~*~tactically~*~*~ (stealth).
   792 | D:1      | 792 ||| Stepping ~*~*~tactically~*~*~ (stealth).
   794 | D:1      | 794 ||| Stepping ~*~*~tactically~*~*~ (stealth).
   845 | D:1      | 845 ||| Stepping ~*~*~tactically~*~*~ (stealth).
   846 | D:1      | 846 ||| Stepping ~*~*~tactically~*~*~ (stealth).
  1152 | D:1      | 1152 ||| READING 2 scrolls labelled GESMON ERUAKHA.
  1153 | D:1      | 1153 ||| READING 2 scrolls labelled RAIPOTWUMU.
  1154 | D:1      | 1154 ||| READING scroll labelled GITHRUMMAASK.
  1155 | D:1      | 1155 ||| READING scroll labelled COZINTU LEADDI.
  1156 | D:1      | 1156 ||| DROPPING scroll of immolation.
  1157 | D:1      | 1157 ||| DROPPING scroll of blinking.
  1217 | D:2      | Reached XP level 3. HP: 18/31 MP: 2/2
  1217 | D:2      | 1217 ||| STAIRDANCE
  1568 | D:2      | 1568 ||| INVOKING Berserk.
  1674 | D:2      | 1674 ||| Stepping ~*~*~tactically~*~*~ (stealth).
  1682 | D:2      | 1682 ||| Stepping ~*~*~tactically~*~*~ (stealth).
  1724 | D:2      | 1724 ||| DROPPING +0 club.
  1818 | D:2      | Reached ** piety under Trog
  1982 | D:2      | 1982 ||| UPGRADING to ring of poison resistance.
  1983 | D:2      | 1983 ||| UPGRADING to +6 ring of dexterity.
  1984 | D:2      | 1984 ||| READING scroll labelled IBUNLYBL WE PERCH.
  1985 | D:2      | 1985 ||| READING scroll labelled SOABUGUTAG.
  1988 | D:2      | 1988 ||| DRINKING 2 clear potions.
  1989 | D:2      | 1989 ||| DRINKING 2 red potions.
  1990 | D:2      | 1990 ||| DRINKING 2 lumpy inky potions.
  2216 | D:3      | 2216 ||| INVOKING Berserk.
  2218 | D:3      | Reached skill level 6 in Axes
  2218 | D:3      | Reached XP level 4. HP: 24/39 MP: 3/3
  2384 | D:3      | Found a shadowy altar of Dithmenos.
  2385 | D:3      | Noticed a shadow
  2388 | D:3      | Found a hazy altar of Hepliaklqana.
  2446 | D:3      | 2446 ||| Stepping ~*~*~tactically~*~*~ (stealth).
  2447 | D:3      | 2447 ||| Stepping ~*~*~tactically~*~*~ (stealth).
  2448 | D:3      | 2448 ||| Stepping ~*~*~tactically~*~*~ (stealth).
  2449 | D:3      | 2449 ||| Stepping ~*~*~tactically~*~*~ (stealth).
  2455 | D:3      | 2455 ||| Stepping ~*~*~tactically~*~*~ (stealth).
  2460 | D:3      | 2460 ||| Stepping ~*~*~tactically~*~*~ (stealth).
  2461 | D:3      | 2461 ||| Stepping ~*~*~tactically~*~*~ (stealth).
  2584 | D:3      | Noticed Robin
  2591 | D:3      | 2591 ||| INVOKING Berserk.
  2595 | D:3      | Killed Robin
  2728 | D:3      | Noticed Natasha
  2731 | D:3      | 2731 ||| INVOKING Berserk.
  2732 | D:3      | Killed Natasha
  2733 | D:3      | Reached XP level 5. HP: 45/45 MP: 4/4
  2934 | D:3      | Noticed Natasha
  2936 | D:3      | 2936 ||| Stepping ~*~*~tactically~*~*~ (hiding).
  2938 | D:3      | 2938 ||| Stepping ~*~*~tactically~*~*~ (hiding).
  2939 | D:3      | 2939 ||| INVOKING Berserk.
  2942 | D:3      | Killed Natasha
  3101 | D:3      | Noticed Natasha
  3102 | D:3      | 3102 ||| Stepping ~*~*~tactically~*~*~ (stealth).
  3105 | D:3      | 3105 ||| Stepping ~*~*~tactically~*~*~ (stealth).
  3106 | D:3      | 3106 ||| Stepping ~*~*~tactically~*~*~ (stealth).
  3111 | D:3      | 3111 ||| Stepping ~*~*~tactically~*~*~ (stealth).
  3145 | D:3      | 3145 ||| Stepping ~*~*~tactically~*~*~ (stealth).
  3146 | D:3      | 3146 ||| Stepping ~*~*~tactically~*~*~ (stealth).
  3322 | D:3      | 3322 ||| UPGRADING to +0 scale mail.
  3332 | D:3      | 3332 ||| DROPPING +0 animal skin.
  3333 | D:3      | 3333 ||| READING 2 scrolls of identify.
  3333 | D:3      | 3333 ||| IDENTIFYING smoky puce potion
  3334 | D:3      | 3334 ||| DROPPING potion of berserk rage.
  3348 | D:4      | 3348 ||| Stepping ~*~*~tactically~*~*~ (stealth).
  3351 | D:4      | 3351 ||| Stepping ~*~*~tactically~*~*~ (stealth).
  3794 | D:4      | Noticed an ogre
  3796 | D:4      | 3796 ||| INVOKING Berserk.
  3798 | D:4      | Killed an ogre
  3799 | D:4      | Reached XP level 6. HP: 52/52 MP: 5/5
  4071 | D:4      | 4071 ||| Stepping ~*~*~tactically~*~*~ (stealth).
  4072 | D:4      | 4072 ||| Stepping ~*~*~tactically~*~*~ (stealth).
  4074 | D:4      | 4074 ||| Stepping ~*~*~tactically~*~*~ (stealth).
  4379 | D:4      | 4379 ||| READING scroll labelled VUNKO ZULUISAU.
  4380 | D:4      | 4380 ||| READING scroll labelled RYMYWU TIESONY.
  4396 | D:5      | Entered Level 5 of the Dungeon
  4498 | D:5      | Noticed an ice beast
  4503 | D:5      | 4503 ||| INVOKING Berserk.
  4505 | D:5      | Killed an ice beast
  4506 | D:5      | Reached skill level 9 in Axes
  4731 | D:5      | 4731 ||| INVOKING Berserk.
  4734 | D:5      | Reached XP level 7. HP: 60/60 MP: 6/6
  4850 | D:5      | 4850 ||| DROPPING +0 whip.
  5226 | D:5      | Identified the +4 scale mail of Ome Jauf {rC+ rN+ Str+4
                  | Slay-2}
  5442 | D:5      | Found a staircase to the Ecumenical Temple.
  5449 | D:5      | 5449 ||| UPGRADING to +0 pair of boots.
  5454 | D:5      | 5454 ||| UPGRADING to +4 scale mail of Ome Jauf {rC+ rN+
                  | Str+4 Slay-2}.
  5464 | D:5      | 5464 ||| DROPPING +0 scale mail.
  5465 | D:5      | 5465 ||| UPGRADING to +0 pair of gloves.
  5470 | D:5      | 5470 ||| READING 3 scrolls of enchant armour.
  5470 | D:5      | 5470 ||| ENCHANTING +0 pair of gloves.
  5471 | D:5      | 5471 ||| READING 2 scrolls of enchant armour.
  5471 | D:5      | 5471 ||| ENCHANTING +1 pair of gloves.
  5472 | D:5      | 5472 ||| READING scroll of enchant armour.
  5472 | D:5      | 5472 ||| ENCHANTING +0 pair of boots.
  5473 | D:5      | 5473 ||| READING scroll labelled USOCKOZXUF.
  5474 | D:5      | 5474 ||| READING 2 scrolls of identify.
  5474 | D:5      | 5474 ||| IDENTIFYING lumpy yellow potion
  5475 | D:5      | 5475 ||| DROPPING potion of attraction.
  5674 | D:6      | Reached skill level 3 in Dodging
  5682 | D:6      | 5682 ||| FLEEEEING.
  5683 | D:6      | 5683 ||| FLEEEEING.
  5684 | D:6      | 5684 ||| FLEEEEING.
  5685 | D:6      | 5685 ||| FLEEEEING.
  5686 | D:6      | 5686 ||| FLEEEEING.
  5687 | D:6      | 5687 ||| FLEEEEING.
  5688 | D:6      | 5688 ||| FLEEEEING.
  5690 | D:6      | 5690 ||| FLEEEEING.
  5692 | D:6      | 5692 ||| FLEEEEING.
  5693 | D:6      | 5693 ||| FLEEEEING.
  5694 | D:6      | 5694 ||| FLEEEEING.
  5695 | D:6      | 5695 ||| FLEEEEING.
  5696 | D:6      | 5696 ||| FLEEEEING.
  5697 | D:6      | 5697 ||| FLEEEEING.
  5700 | D:6      | 5700 ||| FLEEEEING.
  5701 | D:6      | 5701 ||| FLEEEEING.
  5702 | D:6      | 5702 ||| STAIRDANCE
  5774 | D:5      | 5774 ||| READING scroll labelled YPENIZ OZEPH.
  5777 | D:6      | 5777 ||| Stepping ~*~*~tactically~*~*~ (hiding).
  5794 | D:6      | Reached skill level 3 in Armour
  5948 | D:6      | 5948 ||| Stepping ~*~*~tactically~*~*~ (stealth).
  5949 | D:6      | 5949 ||| Stepping ~*~*~tactically~*~*~ (stealth).
  5950 | D:6      | 5950 ||| Stepping ~*~*~tactically~*~*~ (stealth).
  5959 | D:6      | 5959 ||| INVOKING Berserk.
  5965 | D:6      | Reached skill level 1 in Throwing
  5965 | D:6      | Reached XP level 8. HP: 69/69 MP: 7/7
  5991 | D:6      | 5991 ||| FLEEEEING.
  5995 | D:6      | 5995 ||| SWAPPING to +0 war axe.
  6037 | D:6      | 6037 ||| Stepping ~*~*~tactically~*~*~ (stealth).
  6038 | D:6      | 6038 ||| DROPPING +0 hand axe.
  6094 | D:6      | 6094 ||| FLEEEEING.
  6095 | D:6      | 6095 ||| FLEEEEING.
  6096 | D:6      | 6096 ||| STAIRDANCE
  6102 | D:6      | 6102 ||| INVOKING Berserk.
  6116 | D:6      | Noticed Eustachio
  6117 | D:6      | 6117 ||| FLEEEEING.
  6118 | D:6      | 6118 ||| FLEEEEING.
  6121 | D:6      | 6121 ||| STAIRDANCE
  6231 | D:6      | 6231 ||| INVOKING Berserk.
  6235 | D:6      | Killed Eustachio
  6236 | D:6      | Reached skill level 6 in Fighting
  6249 | D:6      | HP: 16/71 [gnoll/+0 halberd (5)]
  6250 | D:6      | 6250 ||| READING 3 scrolls of teleportation.
  6285 | D:6      | 6285 ||| Stepping ~*~*~tactically~*~*~ (stealth).
  6423 | D:6      | 6423 ||| Stepping ~*~*~tactically~*~*~ (stealth).
  6586 | D:6      | 6586 ||| INVOKING Berserk.
  6751 | D:6      | 6751 ||| FLEEEEING.
  6832 | D:6      | 6832 ||| FLEEEEING.
  6974 | D:6      | 6974 ||| UPGRADING to +0 cloak.
  6979 | D:6      | 6979 ||| DRINKING 2 smoky pink potions.
  6979 | D:6      | Gained mutation: You are frail. (-10% HP) [potion of
                  | mutation]
  6980 | D:6      | 6980 ||| DRINKING potion of mutation.
  6980 | D:6      | Lost mutation: You are frail. (-10% HP) [potion of
                  | mutation]
  6980 | D:6      | Gained mutation: Your muscles are strong. (Str +4, Int/Dex
                  | -1) [potion of mutation]
  7088 | D:7      | 7088 ||| INVOKING Berserk.
  7100 | D:7      | Reached skill level 12 in Axes
  7608 | D:7      | 7608 ||| INVOKING Berserk.
  7750 | D:7      | 7750 ||| INVOKING Berserk.
  7759 | D:7      | Reached XP level 9. HP: 79/79 MP: 8/8
  8053 | D:7      | Reached *** piety under Trog
  8218 | D:7      | 8218 ||| DROPPING +2 pair of gloves.
  8219 | D:7      | 8219 ||| READING scroll labelled RULOQA HIAWN.
  8219 | D:7      | Identified a scroll of acquirement
  8219 | D:7      | 8219 ||| ACQUIRING +2 hat of Jegh {-Cast rC+ SInv}
  8219 | D:7      | Acquired the +2 hat of Jegh {-Cast rC+ SInv}
  8221 | D:7      | 8221 ||| UPGRADING to +2 hat of Jegh {-Cast rC+ SInv}.
  8226 | D:7      | 8226 ||| READING scroll labelled NOXOS KIFA.
  8339 | D:8      | 8339 ||| Stepping ~*~*~tactically~*~*~ (stealth).
  8497 | D:8      | Noticed Grum
  8500 | D:8      | 8500 ||| INVOKING Berserk.
  8507 | D:8      | Killed Grum
  8695 | D:8      | Noticed a two-headed ogre
  8696 | D:8      | 8696 ||| Stepping ~*~*~tactically~*~*~ (stealth).
  8699 | D:8      | 8699 ||| INVOKING Berserk.
  8703 | D:8      | Killed a two-headed ogre
  8984 | D:8      | 8984 ||| Stepping ~*~*~tactically~*~*~ (stealth).
  8986 | D:8      | 8986 ||| Stepping ~*~*~tactically~*~*~ (stealth).
  8992 | D:8      | Reached XP level 10. HP: 87/88 MP: 9/9
  8996 | D:8      | 8996 ||| Stepping ~*~*~tactically~*~*~ (stealth).
  9066 | D:8      | 9066 ||| Stepping ~*~*~tactically~*~*~ (stealth).
  9447 | D:8      | 9447 ||| READING scroll labelled UMATUINT XAMP.
  9548 | D:8      | 9548 ||| READING 2 scrolls of identify.
  9548 | D:8      | 9548 ||| IDENTIFYING sapphire potion
  9549 | D:8      | 9549 ||| DROPPING potion of magic.
  9580 | D:9      | Reached skill level 3 in Throwing
  9603 | D:9      | Noticed Gastronok
  9605 | D:9      | 9605 ||| FLEEEEING.
  9606 | D:9      | 9606 ||| FLEEEEING.
  9607 | D:9      | 9607 ||| FLEEEEING.
  9627 | D:9      | 9627 ||| FLEEEEING.
  9628 | D:9      | 9628 ||| STAIRDANCE
  9728 | D:9      | 9728 ||| INVOKING Berserk.
  9739 | D:9      | Killed Gastronok
  9740 | D:9      | Reached skill level 15 in Axes
  9877 | D:9      | 9877 ||| Stepping ~*~*~tactically~*~*~ (hiding).
  9899 | D:9      | 9899 ||| Stepping ~*~*~tactically~*~*~ (hiding).
  9905 | D:9      | 9905 ||| INVOKING Berserk.
  9977 | D:9      | 9977 ||| Stepping ~*~*~tactically~*~*~ (stealth).
  9990 | D:9      | Reached skill level 9 in Fighting
  9994 | D:9      | 9994 ||| Stepping ~*~*~tactically~*~*~ (stealth).
  9998 | D:9      | 9998 ||| Stepping ~*~*~tactically~*~*~ (stealth).
 10000 | D:9      | 10000 ||| Stepping ~*~*~tactically~*~*~ (stealth).
 10098 | D:9      | 10098 ||| Stepping ~*~*~tactically~*~*~ (hiding).
 10100 | D:9      | 10100 ||| Stepping ~*~*~tactically~*~*~ (hiding).
 10107 | D:9      | 10107 ||| Stepping ~*~*~tactically~*~*~ (hiding).
 10215 | D:9      | 10215 ||| Stepping ~*~*~tactically~*~*~ (stealth).
 10216 | D:9      | 10216 ||| Stepping ~*~*~tactically~*~*~ (stealth).
 10226 | D:9      | Reached skill level 6 in Armour
 10443 | D:9      | Noticed a cyan ugly thing
 10444 | D:9      | Reached skill level 6 in Dodging
 10444 | D:9      | Reached XP level 11. HP: 87/97 MP: 10/10
 10458 | D:9      | 10458 ||| INVOKING Berserk.
 10459 | D:9      | HP: 30/145 [cyan ugly thing (15)]
 10460 | D:9      | Killed a cyan ugly thing
 10775 | D:9      | Noticed qw's ghost (novice MiBe)
 10778 | D:9      | Found a runed translucent door.
 10950 | D:9      | 10950 ||| UPGRADING to +0 plate armour.
 10960 | D:9      | 10960 ||| DROPPING +4 scale mail of Ome Jauf {rC+ rN+ Str+4
                  | Slay-2}.
 10961 | D:9      | 10961 ||| DRINKING 2 purple potions.
 10995 | D:10     | Entered Level 10 of the Dungeon
 10996 | D:10     | 10996 ||| Stepping ~*~*~tactically~*~*~ (hiding).
 11006 | D:10     | 11006 ||| DRINKING 5 potions of curing.
 11006 | D:10     | 11006 ||| (to cure confusion)
 11070 | D:10     | 11070 ||| DRINKING 4 potions of curing.
 11070 | D:10     | 11070 ||| (to cure confusion)
 11077 | D:10     | Reached **** piety under Trog
 11082 | D:10     | 11082 ||| INVOKING Berserk.
 11123 | D:10     | 11123 ||| Stepping ~*~*~tactically~*~*~ (stealth).
 11267 | D:10     | 11267 ||| Stepping ~*~*~tactically~*~*~ (stealth).
 11330 | D:10     | 11330 ||| INVOKING Berserk.
 11333 | D:10     | Noticed a death knight
 11343 | D:10     | Killed a death knight
 11369 | D:10     | 11369 ||| Stepping ~*~*~tactically~*~*~ (stealth).
 11370 | D:10     | 11370 ||| Stepping ~*~*~tactically~*~*~ (stealth).
 11474 | D:10     | 11474 ||| Stepping ~*~*~tactically~*~*~ (stealth).
 11475 | D:10     | 11475 ||| Stepping ~*~*~tactically~*~*~ (stealth).
 11482 | D:10     | 11482 ||| Stepping ~*~*~tactically~*~*~ (hiding).
 11483 | D:10     | 11483 ||| Stepping ~*~*~tactically~*~*~ (hiding).
 11514 | D:10     | Found a staircase to the Lair.
 11662 | D:10     | Found a transporter.
 11975 | D:10     | Found a transporter.
 12109 | D:10     | 12109 ||| UPGRADING to +0 kite shield.
 12114 | D:10     | 12114 ||| READING scroll labelled MUNUPT YMAK.
 12115 | D:10     | 12115 ||| DRINKING 3 golden potions.
 12116 | D:10     | 12116 ||| DROPPING 2 potions of brilliance.
 12141 | D:11     | 12141 ||| Stepping ~*~*~tactically~*~*~ (hiding).
 12143 | D:11     | 12143 ||| Stepping ~*~*~tactically~*~*~ (hiding).
 12152 | D:11     | Reached skill level 1 in Shields
 12152 | D:11     | 12152 ||| FLEEEEING.
 12153 | D:11     | 12153 ||| FLEEEEING.
 12154 | D:11     | 12154 ||| FLEEEEING.
 12155 | D:11     | 12155 ||| STAIRDANCE
 12164 | D:10     | 12164 ||| FLEEEEING.
 12169 | D:10     | 12169 ||| STAIRDANCE
 12241 | D:9      | 12241 ||| DRINKING 2 murky puce potions.
 12242 | D:9      | 12242 ||| DROPPING potion of degeneration.
 12286 | D:11     | 12286 ||| STAIRDANCE
 12293 | D:11     | 12293 ||| STAIRDANCE
 12326 | D:11     | 12326 ||| READING scroll of acquirement.
 12326 | D:11     | 12326 ||| ACQUIRING +14 obsidian axe {vorpal, Mesm Drain
                  | Fly SInv}
 12326 | D:11     | Acquired the +14 obsidian axe {vorpal, Mesm Drain Fly SInv}
 12326 | D:11     | Found the +14 obsidian axe {vorpal, Mesm Drain Fly SInv}
 12328 | D:11     | 12328 ||| SWAPPING to +14 obsidian axe {vorpal, Mesm Drain
                  | Fly SInv}.
 12329 | D:11     | 12329 ||| DROPPING +1 war axe.
 12339 | D:11     | 12339 ||| FLEEEEING.
 12340 | D:11     | 12340 ||| FLEEEEING.
 12341 | D:11     | 12341 ||| FLEEEEING.
 12414 | D:11     | Noticed a boulder beetle
 12425 | D:11     | Killed a boulder beetle
 12426 | D:11     | Reached skill level 3 in Shields
 12483 | D:11     | 12483 ||| FLEEEEING.
 12491 | D:11     | HP: 22/97 [orc priest/divine providence (15)]
 12492 | D:11     | 12492 ||| READING 4 scrolls of teleportation.
 12492 | D:11     | HP: 10/97 [orc priest/divine providence (12)]
 12493 | D:11     | 12493 ||| DRINKING potion of heal wounds.
 12707 | D:11     | 12707 ||| Stepping ~*~*~tactically~*~*~ (stealth).
 12751 | D:11     | 12751 ||| Stepping ~*~*~tactically~*~*~ (stealth).
 12755 | D:11     | 12755 ||| Stepping ~*~*~tactically~*~*~ (hiding).
 12756 | D:11     | 12756 ||| INVOKING Berserk.
 12821 | D:11     | 12821 ||| Stepping ~*~*~tactically~*~*~ (stealth).
 12840 | D:11     | 12840 ||| Stepping ~*~*~tactically~*~*~ (stealth).
 12841 | D:11     | 12841 ||| Stepping ~*~*~tactically~*~*~ (stealth).
 12842 | D:11     | 12842 ||| Stepping ~*~*~tactically~*~*~ (stealth).
 12843 | D:11     | 12843 ||| Stepping ~*~*~tactically~*~*~ (stealth).
 12865 | D:11     | Noticed a two-headed ogre
 12872 | D:11     | Killed a two-headed ogre
 12879 | D:11     | 12879 ||| Stepping ~*~*~tactically~*~*~ (stealth).
 12998 | D:11     | 12998 ||| Stepping ~*~*~tactically~*~*~ (stealth).
 13001 | D:11     | Reached ***** piety under Trog
 13002 | D:11     | Reached skill level 6 in Shields
 13036 | D:11     | 13036 ||| Stepping ~*~*~tactically~*~*~ (hiding).
 13037 | D:11     | 13037 ||| Stepping ~*~*~tactically~*~*~ (hiding).
 13039 | D:11     | 13039 ||| Stepping ~*~*~tactically~*~*~ (hiding).
 13208 | D:11     | 13208 ||| INVOKING Brothers in Arms.
 13477 | D:11     | Found a staircase to the Orcish Mines.
 13556 | D:11     | 13556 ||| READING 2 scrolls of identify.
 13556 | D:11     | 13556 ||| IDENTIFYING fuming blue potion
 13615 | D:10     | 13615 ||| PLANNING LAIR
 13645 | Lair:1   | Entered Level 1 of the Lair of Beasts
 13654 | Lair:1   | Received a gift from Trog
 13763 | Lair:1   | 13763 ||| Stepping ~*~*~tactically~*~*~ (stealth).
 13767 | Lair:1   | 13767 ||| Stepping ~*~*~tactically~*~*~ (stealth).
 13768 | Lair:1   | 13768 ||| INVOKING Brothers in Arms.
 13772 | Lair:1   | 13772 ||| INVOKING Berserk.
 13775 | Lair:1   | Reached skill level 9 in Shields
 13922 | Lair:1   | Noticed a boulder beetle
 13923 | Lair:1   | 13923 ||| INVOKING Brothers in Arms.
 13924 | Lair:1   | 13924 ||| INVOKING Brothers in Arms.
 13927 | Lair:1   | Killed a boulder beetle
 13928 | Lair:1   | Reached XP level 12. HP: 82/105 MP: 11/11
 14142 | Lair:1   | Reached skill level 9 in Armour
 14180 | Lair:1   | 14180 ||| READING scroll of enchant armour.
 14180 | Lair:1   | 14180 ||| ENCHANTING +1 pair of boots.
 14256 | Lair:1   | 14256 ||| Stepping ~*~*~tactically~*~*~ (stealth).
 14257 | Lair:1   | 14257 ||| Stepping ~*~*~tactically~*~*~ (stealth).
 14291 | Lair:1   | 14291 ||| Stepping ~*~*~tactically~*~*~ (stealth).
 14593 | Lair:1   | 14593 ||| READING scroll labelled IRUOCOETUD.
 14594 | Lair:1   | 14594 ||| READING scroll labelled QETRIN OWENG.
 14781 | Lair:1   | 14781 ||| READING 2 scrolls of identify.
 14781 | Lair:1   | 14781 ||| IDENTIFYING fuming amethyst potion
 14851 | Lair:2   | 14851 ||| DRINKING potion of cancellation.
 14922 | Lair:2   | 14922 ||| Stepping ~*~*~tactically~*~*~ (stealth).
 15268 | Lair:2   | 15268 ||| Stepping ~*~*~tactically~*~*~ (stealth).
 15286 | Lair:2   | 15286 ||| Stepping ~*~*~tactically~*~*~ (stealth).
 15291 | Lair:2   | 15291 ||| Stepping ~*~*~tactically~*~*~ (stealth).
 15299 | Lair:2   | Found a hole to the Spider Nest.
 15675 | Lair:2   | 15675 ||| Stepping ~*~*~tactically~*~*~ (stealth).
 15721 | Lair:2   | 15721 ||| UPGRADING to amulet of regeneration.
 15726 | Lair:2   | 15726 ||| DROPPING ring of flight.
 15727 | Lair:2   | 15727 ||| READING scroll labelled RILIBB FISINE.
 15777 | Lair:3   | 15777 ||| Stepping ~*~*~tactically~*~*~ (stealth).
 15782 | Lair:3   | 15782 ||| Stepping ~*~*~tactically~*~*~ (stealth).
 15784 | Lair:3   | Reached skill level 18 in Axes
 15785 | Lair:3   | Noticed a seven-headed hydra
 15786 | Lair:3   | 15786 ||| INVOKING Brothers in Arms.
 15791 | Lair:3   | 15791 ||| SWAPPING to +0 morningstar.
 15792 | Lair:3   | 15792 ||| INVOKING Berserk.
 15793 | Lair:3   | Killed a seven-headed hydra
 15803 | Lair:3   | 15803 ||| SWAPPING to +14 obsidian axe {vorpal, Mesm Drain
                  | Fly SInv}.
 15911 | Lair:3   | Found a staircase to the Swamp.
 16036 | Lair:3   | Reached XP level 13. HP: 104/105 MP: 12/12
 16053 | Lair:3   | You are sucked into a shaft and drop 1 floor!
 16053 | Lair:4   | Found a staircase to the Slime Pits.
 16053 | Lair:4   | Found a viscous altar of Jiyva.
 16143 | Lair:4   | 16143 ||| INVOKING Brothers in Arms.
 16165 | Lair:4   | 16165 ||| INVOKING Brothers in Arms.
 16169 | Lair:4   | Reached skill level 12 in Shields
 16169 | Lair:4   | 16169 ||| INVOKING Berserk.
 16361 | Lair:4   | 16361 ||| DRINKING 2 silvery potions.
 16362 | Lair:4   | 16362 ||| DROPPING potion of flight.
 16403 | Lair:3   | 16403 ||| FLEEEEING.
 16410 | Lair:3   | Reached skill level 12 in Fighting
 16420 | Lair:3   | Gained mutation: You are frail. (-10% HP) [a neqoxec]
 16531 | Lair:3   | 16531 ||| DRINKING potion of mutation.
 16531 | Lair:3   | Lost mutation: Your muscles are strong. (Str +4, Int/Dex
                  | -1) [potion of mutation]
 16531 | Lair:3   | Lost mutation: You are frail. (-10% HP) [potion of
                  | mutation]
 16531 | Lair:3   | Gained mutation: You are somewhat resistant to further
                  | mutation. [potion of mutation]
 17119 | Lair:4   | 17119 ||| Stepping ~*~*~tactically~*~*~ (stealth).
 17123 | Lair:4   | 17123 ||| Stepping ~*~*~tactically~*~*~ (stealth).
 17126 | Lair:4   | 17126 ||| Stepping ~*~*~tactically~*~*~ (stealth).
 17138 | Lair:4   | Reached skill level 12 in Armour
 17171 | Lair:4   | 17171 ||| Stepping ~*~*~tactically~*~*~ (stealth).
 17565 | Lair:4   | 17565 ||| DROPPING +1 hat.
 17575 | Lair:5   | Entered Level 5 of the Lair of Beasts
 17584 | Lair:5   | 17584 ||| INVOKING Brothers in Arms.
 17594 | Lair:5   | 17594 ||| INVOKING Berserk.
 17607 | Lair:5   | Reached XP level 14. HP: 108/129 MP: 13/13
 17610 | Lair:5   | 17610 ||| INVOKING Brothers in Arms.
 17611 | Lair:5   | 17611 ||| INVOKING Brothers in Arms.
 17678 | Lair:5   | 17678 ||| READING 3 scrolls of acquirement.
 17678 | Lair:5   | 17678 ||| ACQUIRING +6 broad axe of flaming
 17678 | Lair:5   | Acquired a +6 broad axe of flaming
 17680 | Lair:5   | 17680 ||| DROPPING +0 morningstar.
 17681 | Lair:5   | 17681 ||| READING 2 scrolls of acquirement.
 17681 | Lair:5   | 17681 ||| ACQUIRING +1 tower shield of positive energy
 17681 | Lair:5   | Acquired a +1 tower shield of positive energy
 17683 | Lair:5   | 17683 ||| UPGRADING to +1 tower shield of positive energy.
 17693 | Lair:5   | 17693 ||| DROPPING +0 kite shield.
 17694 | Lair:5   | 17694 ||| READING scroll of acquirement.
 17694 | Lair:5   | 17694 ||| ACQUIRING +0 pair of gloves of Servitude {rPois
                  | rCorr Str+4 Dex-5}
 17694 | Lair:5   | Acquired the +0 pair of gloves of Servitude {rPois rCorr
                  | Str+4 Dex-5}
 17740 | Lair:5   | 17740 ||| INVOKING Brothers in Arms.
 17844 | Lair:5   | 17844 ||| INVOKING Brothers in Arms.
 17847 | Lair:5   | 17847 ||| SWAPPING to +6 broad axe of flaming.
 17849 | Lair:5   | 17849 ||| INVOKING Berserk.
 17863 | Lair:5   | 17863 ||| SWAPPING to +14 obsidian axe {vorpal, Mesm Drain
                  | Fly SInv}.
 17865 | Lair:5   | 17865 ||| SWAPPING to +6 broad axe of flaming.
 17870 | Lair:5   | 17870 ||| SWAPPING to +14 obsidian axe {vorpal, Mesm Drain
                  | Fly SInv}.
 17942 | Lair:5   | 17942 ||| Stepping ~*~*~tactically~*~*~ (stealth).
 17951 | Lair:5   | Reached skill level 15 in Shields
 18006 | Lair:5   | 18006 ||| INVOKING Brothers in Arms.
 18096 | Lair:5   | 18096 ||| READING 6 scrolls of teleportation.
 18184 | Lair:5   | 18184 ||| FLEEEEING.
 18187 | Lair:5   | 18187 ||| Stepping ~*~*~tactically~*~*~ (hiding).
 18217 | Lair:5   | 18217 ||| INVOKING Brothers in Arms.
 18325 | Lair:5   | 18325 ||| Stepping ~*~*~tactically~*~*~ (hiding).
 18373 | Lair:5   | 18373 ||| Stepping ~*~*~tactically~*~*~ (stealth).
 18375 | Lair:5   | Identified the +1 plate armour of Dishonour {Harm rC- rCorr
                  | Int+7}
 18652 | Lair:5   | 18652 ||| PLANNING D
 18652 | Lair:5   | 18652 ||| UPGRADING to +6 ring of strength.
 18654 | Lair:5   | 18654 ||| READING 4 scrolls of identify.
 18654 | Lair:5   | 18654 ||| IDENTIFYING cyan potion
 18655 | Lair:5   | 18655 ||| DROPPING potion of lignification.
 18860 | D:12     | 18860 ||| Stepping ~*~*~tactically~*~*~ (hiding).
 19025 | D:12     | Found the +8 storm bow {elec, penet}
 19044 | D:12     | 19044 ||| FLEEEEING.
 19045 | D:12     | 19045 ||| Stepping ~*~*~tactically~*~*~ (hiding).
 19047 | D:12     | 19047 ||| Stepping ~*~*~tactically~*~*~ (hiding).
 19049 | D:12     | 19049 ||| Stepping ~*~*~tactically~*~*~ (hiding).
 19050 | D:12     | 19050 ||| Stepping ~*~*~tactically~*~*~ (hiding).
 19411 | D:12     | 19411 ||| READING 3 scrolls of identify.
 19411 | D:12     | 19411 ||| IDENTIFYING sedimented sapphire potion
 19412 | D:12     | 19412 ||| DROPPING potion of ambrosia.
 19452 | D:13     | 19452 ||| INVOKING Brothers in Arms.
 19459 | D:13     | Reached XP level 15. HP: 115/136 MP: 14/14
 19492 | D:13     | Found a transporter.
 19537 | D:13     | 19537 ||| Stepping ~*~*~tactically~*~*~ (hiding).
 19652 | D:13     | Noticed Gonodgh's ghost (journeyman MiFi)
 19660 | D:13     | Found a transporter.
 19860 | D:13     | 19860 ||| Stepping ~*~*~tactically~*~*~ (stealth).
 19861 | D:13     | 19861 ||| Stepping ~*~*~tactically~*~*~ (stealth).
 19864 | D:13     | 19864 ||| INVOKING Brothers in Arms.
 19883 | D:13     | Noticed Urug
 19885 | D:13     | 19885 ||| Stepping ~*~*~tactically~*~*~ (cloud).
 19886 | D:13     | Paralysed by Urug for 4 turns
 19890 | D:13     | Killed Urug
 19955 | D:13     | 19955 ||| READING scroll of acquirement.
 19955 | D:13     | 19955 ||| ACQUIRING 698 gold pieces
 19955 | D:13     | Acquired 698 gold pieces
 20054 | D:13     | 20054 ||| Stepping ~*~*~tactically~*~*~ (hiding).
 20263 | D:14     | Noticed Lodul
 20264 | D:14     | 20264 ||| Stepping ~*~*~tactically~*~*~ (stealth).
 20266 | D:14     | 20266 ||| INVOKING Brothers in Arms.
 20267 | D:14     | 20267 ||| INVOKING Brothers in Arms.
 20268 | D:14     | 20268 ||| INVOKING Brothers in Arms.
 20270 | D:14     | 20270 ||| INVOKING Berserk.
 20272 | D:14     | Killed Lodul
 20288 | D:14     | 20288 ||| READING 5 scrolls of teleportation.
 20289 | D:14     | 20289 ||| Waiting to end mesmerise (stuck).
 20290 | D:14     | 20290 ||| Waiting to end mesmerise (stuck).
 20303 | D:14     | Reached skill level 6 in Throwing
 20305 | D:14     | Reached skill level 18 in Shields
 20421 | D:14     | 20421 ||| Stepping ~*~*~tactically~*~*~ (hiding).
 20536 | D:14     | Found a glowing silver altar of Zin.
 20543 | D:14     | 20543 ||| READING scroll of acquirement.
 20543 | D:14     | 20543 ||| ACQUIRING 549 gold pieces
 20543 | D:14     | Acquired 549 gold pieces
 20610 | D:14     | 20610 ||| Stepping ~*~*~tactically~*~*~ (stealth).
 20611 | D:14     | 20611 ||| Stepping ~*~*~tactically~*~*~ (stealth).
 20636 | D:14     | 20636 ||| Stepping ~*~*~tactically~*~*~ (hiding).
 20638 | D:14     | 20638 ||| Stepping ~*~*~tactically~*~*~ (hiding).
 20879 | D:14     | Paralysed by a great orb of eyes for 2 turns
 20881 | D:14     | 20881 ||| Stepping ~*~*~tactically~*~*~ (hiding).
 20883 | D:14     | 20883 ||| INVOKING Trog's Hand.
 20889 | D:14     | Reached skill level 15 in Fighting
 21157 | D:14     | Found a gate to the Vaults.
 21166 | D:14     | 21166 ||| READING scroll of enchant armour.
 21166 | D:14     | 21166 ||| ENCHANTING +0 cloak.
 21306 | D:14     | 21306 ||| Stepping ~*~*~tactically~*~*~ (cloud).
 21423 | D:14     | 21423 ||| UPGRADING to amulet of reflection.
 21433 | D:14     | 21433 ||| DROPPING amulet of regeneration.
 21434 | D:14     | 21434 ||| READING 3 scrolls of identify.
 21434 | D:14     | 21434 ||| IDENTIFYING emerald potion
 21435 | D:14     | 21435 ||| DROPPING potion of invisibility.
 21441 | D:15     | Entered Level 15 of the Dungeon
 21548 | D:15     | Found a sacrificial altar of Ru.
 21549 | D:15     | 21549 ||| Stepping ~*~*~tactically~*~*~ (hiding).
 21907 | D:15     | 21907 ||| Stepping ~*~*~tactically~*~*~ (hiding).
 21908 | D:15     | 21908 ||| Stepping ~*~*~tactically~*~*~ (hiding).
 22205 | D:15     | Found a staircase to the Depths.
 22306 | D:15     | Found Refeciet's Antique Weapon Shop.
 22508 | D:15     | 22508 ||| Stepping ~*~*~tactically~*~*~ (hiding).
 22510 | D:15     | 22510 ||| Stepping ~*~*~tactically~*~*~ (stealth).
 22512 | D:15     | 22512 ||| INVOKING Berserk.
 22522 | D:15     | 22522 ||| INVOKING Brothers in Arms.
 22523 | D:15     | 22523 ||| INVOKING Brothers in Arms.
 22555 | D:15     | 22555 ||| INVOKING Brothers in Arms.
 22914 | D:15     | 22914 ||| PLANNING ORC
 22914 | D:15     | 22914 ||| DROPPING ring of resist corrosion.
 23018 | Orc:1    | Entered Level 1 of the Orcish Mines
 23046 | Orc:1    | 23046 ||| Stepping ~*~*~tactically~*~*~ (hiding).
 23047 | Orc:1    | 23047 ||| Stepping ~*~*~tactically~*~*~ (hiding).
 23048 | Orc:1    | 23048 ||| Stepping ~*~*~tactically~*~*~ (hiding).
 23132 | Orc:1    | 23132 ||| Stepping ~*~*~tactically~*~*~ (stealth).
 23135 | Orc:1    | Found a bloodstained altar of Trog.
 23224 | Orc:1    | 23224 ||| INVOKING Brothers in Arms.
 23340 | Orc:1    | 23340 ||| Stepping ~*~*~tactically~*~*~ (hiding).
 23520 | Orc:1    | Found Azamoakk's Book Shop.
 23729 | Orc:2    | Entered Level 2 of the Orcish Mines
 23729 | Orc:2    | Found a staircase to the Elven Halls.
 23735 | Orc:2    | Noticed Maurice
 23743 | Orc:2    | Found Fuarievo's Armour Shop.
 23745 | Orc:2    | Killed Maurice
 23751 | Orc:2    | 23751 ||| FLEEEEING.
 23752 | Orc:2    | 23752 ||| FLEEEEING.
 23755 | Orc:2    | 23755 ||| STAIRDANCE
 23803 | Orc:2    | Found Nys Hooq's Mayhem Merchandise.
 23808 | Orc:2    | 23808 ||| BUYING +1 chain mail of Divine Compulsion {Contam
                  | rF++ rC+} (424 gold).
 23808 | Orc:2    | Bought the +1 chain mail of Divine Compulsion {Contam rF++
                  | rC+} for 424 gold pieces
 23808 | Orc:2    | 23808 ||| BUYING +4 chain mail of the Loofah {rC+ Stlth+}
                  | (495 gold).
 23808 | Orc:2    | Bought the +4 chain mail of the Loofah {rC+ Stlth+} for 495
                  | gold pieces
 23814 | Orc:2    | 23814 ||| BUYING +8 war axe of Discomfort {vamp, +Blink
                  | Str+3} (1132 gold).
 23814 | Orc:2    | Bought the +8 war axe of Discomfort {vamp, +Blink Str+3}
                  | for 1132 gold pieces
 23814 | Orc:2    | 23814 ||| SWAPPING to +8 war axe of Discomfort {vamp,
                  | +Blink Str+3}.
 23827 | Orc:2    | Noticed Azrael
 23828 | Orc:2    | 23828 ||| INVOKING Brothers in Arms.
 23834 | Orc:2    | 23834 ||| INVOKING Berserk.
 23840 | Orc:2    | Killed Azrael
 23846 | Orc:2    | 23846 ||| INVOKING Trog's Hand.
 23867 | Orc:2    | 23867 ||| FLEEEEING.
 23868 | Orc:2    | 23868 ||| FLEEEEING.
 23869 | Orc:2    | 23869 ||| FLEEEEING.
 23870 | Orc:2    | 23870 ||| FLEEEEING.
 23872 | Orc:2    | 23872 ||| FLEEEEING.
 23873 | Orc:2    | 23873 ||| STAIRDANCE
 23975 | Orc:1    | 23975 ||| UPGRADING to +1 chain mail of Divine Compulsion
                  | {Contam rF++ rC+}.
 23985 | Orc:1    | 23985 ||| DROPPING +0 plate armour.
 24080 | Orc:2    | 24080 ||| Stepping ~*~*~tactically~*~*~ (stealth).
 24146 | Orc:2    | 24146 ||| Stepping ~*~*~tactically~*~*~ (stealth).
 24148 | Orc:2    | 24148 ||| Stepping ~*~*~tactically~*~*~ (stealth).
 24217 | Orc:2    | 24217 ||| Stepping ~*~*~tactically~*~*~ (stealth).
 24228 | Orc:2    | 24228 ||| Stepping ~*~*~tactically~*~*~ (hiding).
 24229 | Orc:2    | 24229 ||| Stepping ~*~*~tactically~*~*~ (hiding).
 24238 | Orc:2    | 24238 ||| INVOKING Berserk.
 24266 | Orc:2    | Noticed Saint Roka
 24273 | Orc:2    | 24273 ||| INVOKING Brothers in Arms.
 24282 | Orc:2    | Found Som Xal's Antique Armour Shop.
 24282 | Orc:2    | HP: 30/127 [Saint Roka/divine providence (11)]
 24283 | Orc:2    | 24283 ||| READING 4 scrolls of teleportation.
 24284 | Orc:2    | 24284 ||| DRINKING 7 potions of heal wounds.
 24306 | Orc:2    | 24306 ||| FLEEEEING.
 24308 | Orc:2    | 24308 ||| Stepping ~*~*~tactically~*~*~ (stealth).
 24309 | Orc:2    | 24309 ||| FLEEEEING.
 24538 | Orc:2    | 24538 ||| FLEEEEING.
 24539 | Orc:2    | 24539 ||| FLEEEEING.
 24540 | Orc:2    | 24540 ||| FLEEEEING.
 24541 | Orc:2    | 24541 ||| FLEEEEING.
 24542 | Orc:2    | 24542 ||| FLEEEEING.
 24543 | Orc:2    | 24543 ||| FLEEEEING.
 24544 | Orc:2    | 24544 ||| FLEEEEING.
 24545 | Orc:2    | 24545 ||| FLEEEEING.
 24546 | Orc:2    | 24546 ||| FLEEEEING.
 24547 | Orc:2    | 24547 ||| FLEEEEING.
 24548 | Orc:2    | 24548 ||| FLEEEEING.
 24554 | Orc:2    | 24554 ||| INVOKING Brothers in Arms.
 24562 | Orc:2    | 24562 ||| INVOKING Berserk.
 24572 | Orc:2    | Killed Saint Roka
 24573 | Orc:2    | Reached XP level 16. HP: 145/145 MP: 15/15
 24757 | Orc:2    | Found Vagepugh's Antique Weapon Boutique.
 24852 | Orc:2    | 24852 ||| Stepping ~*~*~tactically~*~*~ (stealth).
 24863 | Orc:2    | 24863 ||| Stepping ~*~*~tactically~*~*~ (stealth).
 24901 | Orc:2    | Found Modghyj's Magic Scroll Emporium.
 24906 | Orc:2    | 24906 ||| BUYING scroll of enchant armour (82 gold).
 24906 | Orc:2    | Bought a scroll of enchant armour for 82 gold pieces
 24906 | Orc:2    | 24906 ||| BUYING scroll of teleportation (33 gold).
 24906 | Orc:2    | Bought a scroll of teleportation for 33 gold pieces
 24906 | Orc:2    | 24906 ||| READING scroll of enchant armour.
 24906 | Orc:2    | 24906 ||| ENCHANTING +1 cloak.
 25173 | Orc:2    | 25173 ||| Stepping ~*~*~tactically~*~*~ (stealth).
 25176 | Orc:2    | 25176 ||| Stepping ~*~*~tactically~*~*~ (hiding).
 25182 | Orc:2    | 25182 ||| INVOKING Trog's Hand.
 25185 | Orc:2    | 25185 ||| INVOKING Berserk.
 25298 | Orc:2    | Found Taexuceps's Distillery.
 25303 | Orc:2    | 25303 ||| BUYING 2 potions of mutation (208 gold).
 25303 | Orc:2    | Bought 2 potions of mutation for 208 gold pieces
 25303 | Orc:2    | 25303 ||| BUYING potion of haste (130 gold).
 25303 | Orc:2    | Bought a potion of haste for 130 gold pieces
 25303 | Orc:2    | 25303 ||| BUYING potion of mutation (104 gold).
 25303 | Orc:2    | Bought a potion of mutation for 104 gold pieces
 25303 | Orc:2    | 25303 ||| BUYING potion of mutation (104 gold).
 25303 | Orc:2    | Bought a potion of mutation for 104 gold pieces
 25333 | Orc:2    | 25333 ||| PLANNING SWAMP:1-3
 25468 | Swamp:1  | Entered Level 1 of the Swamp
 25551 | Swamp:1  | 25551 ||| INVOKING Brothers in Arms.
 25552 | Swamp:1  | 25552 ||| SWAPPING to +6 broad axe of flaming.
 25553 | Swamp:1  | 25553 ||| Stepping ~*~*~tactically~*~*~ (water).
 25556 | Swamp:1  | 25556 ||| SWAPPING to +8 war axe of Discomfort {vamp,
                  | +Blink Str+3}.
 25677 | Swamp:1  | 25677 ||| Stepping ~*~*~tactically~*~*~ (stealth).
 25678 | Swamp:1  | 25678 ||| Stepping ~*~*~tactically~*~*~ (stealth).
 25684 | Swamp:1  | 25684 ||| INVOKING Berserk.
 25775 | Swamp:1  | 25775 ||| Stepping ~*~*~tactically~*~*~ (stealth).
 25777 | Swamp:1  | 25777 ||| Stepping ~*~*~tactically~*~*~ (stealth).
 25786 | Swamp:1  | 25786 ||| INVOKING Berserk.
 25906 | Swamp:1  | 25906 ||| INVOKING Brothers in Arms.
 25908 | Swamp:1  | 25908 ||| SWAPPING to +6 broad axe of flaming.
 25913 | Swamp:1  | 25913 ||| SWAPPING to +8 war axe of Discomfort {vamp,
                  | +Blink Str+3}.
 25915 | Swamp:1  | 25915 ||| Stepping ~*~*~tactically~*~*~ (hiding).
 25916 | Swamp:1  | 25916 ||| Stepping ~*~*~tactically~*~*~ (hiding).
 25976 | Swamp:1  | 25976 ||| INVOKING Berserk.
 26140 | Swamp:1  | 26140 ||| INVOKING Berserk.
 26186 | Swamp:1  | 26186 ||| Stepping ~*~*~tactically~*~*~ (stealth).
 26336 | Swamp:1  | 26336 ||| INVOKING Brothers in Arms.
 26337 | Swamp:1  | 26337 ||| SWAPPING to +6 broad axe of flaming.
 26344 | Swamp:1  | 26344 ||| SWAPPING to +8 war axe of Discomfort {vamp,
                  | +Blink Str+3}.
 26438 | Swamp:1  | 26438 ||| INVOKING Berserk.
 26675 | Swamp:1  | 26675 ||| DROPPING ring of ice.
 26708 | Swamp:2  | 26708 ||| Stepping ~*~*~tactically~*~*~ (hiding).
 26710 | Swamp:2  | 26710 ||| INVOKING Berserk.
 26841 | Swamp:2  | 26841 ||| Stepping ~*~*~tactically~*~*~ (hiding).
 26889 | Swamp:2  | 26889 ||| SWAPPING to +6 broad axe of flaming.
 26890 | Swamp:2  | Noticed a thorn hunter
 26894 | Swamp:2  | 26894 ||| SWAPPING to +8 war axe of Discomfort {vamp,
                  | +Blink Str+3}.
 26897 | Swamp:2  | 26897 ||| INVOKING Berserk.
 26907 | Swamp:2  | Killed a thorn hunter
 27056 | Swamp:2  | Noticed a tentacled monstrosity
 27059 | Swamp:2  | 27059 ||| INVOKING Berserk.
 27066 | Swamp:2  | Killed a tentacled monstrosity
 27224 | Swamp:2  | 27224 ||| Stepping randomly (cloudy).
 27240 | Swamp:2  | 27240 ||| SWAPPING to +6 broad axe of flaming.
 27241 | Swamp:2  | 27241 ||| SWAPPING to +8 war axe of Discomfort {vamp,
                  | +Blink Str+3}.
 27254 | Swamp:2  | 27254 ||| Stepping ~*~*~tactically~*~*~ (cloud).
 27451 | Swamp:2  | 27451 ||| Stepping ~*~*~tactically~*~*~ (hiding).
 27452 | Swamp:2  | 27452 ||| Stepping ~*~*~tactically~*~*~ (hiding).
 27803 | Swamp:2  | 27803 ||| SWAPPING to +6 broad axe of flaming.
 27810 | Swamp:2  | 27810 ||| SWAPPING to +8 war axe of Discomfort {vamp,
                  | +Blink Str+3}.
 27958 | Swamp:3  | 27958 ||| Stepping ~*~*~tactically~*~*~ (hiding).
 27960 | Swamp:3  | 27960 ||| Stepping ~*~*~tactically~*~*~ (hiding).
 27962 | Swamp:3  | 27962 ||| INVOKING Trog's Hand.
 27963 | Swamp:3  | 27963 ||| INVOKING Berserk.
 28094 | Swamp:3  | 28094 ||| Stepping ~*~*~tactically~*~*~ (water).
 28305 | Swamp:3  | 28305 ||| Stepping ~*~*~tactically~*~*~ (hiding).
 28306 | Swamp:3  | 28306 ||| Stepping ~*~*~tactically~*~*~ (hiding).
 28343 | Swamp:3  | 28343 ||| Stepping ~*~*~tactically~*~*~ (hiding).
 28671 | Swamp:3  | 28671 ||| Stepping ~*~*~tactically~*~*~ (hiding).
 28928 | Swamp:3  | 28928 ||| PLANNING SPIDER:1-3
 29003 | Spider:1 | Entered Level 1 of the Spider Nest
 29016 | Spider:1 | Reached skill level 9 in Dodging
 29084 | Spider:1 | 29084 ||| Stepping ~*~*~tactically~*~*~ (stealth).
 29227 | Spider:1 | 29227 ||| INVOKING Brothers in Arms.
 29261 | Spider:1 | 29261 ||| INVOKING Berserk.
 29508 | Spider:1 | 29508 ||| INVOKING Brothers in Arms.
 29512 | Spider:1 | Reached skill level 18 in Fighting
 29785 | Spider:1 | Noticed Jorgrun
 29786 | Spider:1 | 29786 ||| Stepping ~*~*~tactically~*~*~ (hiding).
 29793 | Spider:1 | 29793 ||| INVOKING Brothers in Arms.
 29794 | Spider:1 | 29794 ||| INVOKING Brothers in Arms.
 29795 | Spider:1 | 29795 ||| INVOKING Berserk.
 29801 | Spider:1 | Killed Jorgrun
 30027 | Spider:2 | 30027 ||| DRINKING potion of resistance.
 30028 | Spider:2 | 30028 ||| STAIRDANCE
 30034 | Spider:2 | 30034 ||| STAIRDANCE
 30098 | Spider:2 | Found a transporter.
 30126 | Spider:2 | 30126 ||| Stepping ~*~*~tactically~*~*~ (hiding).
 30128 | Spider:2 | 30128 ||| INVOKING Brothers in Arms.
 30129 | Spider:2 | 30129 ||| INVOKING Brothers in Arms.
 30130 | Spider:2 | 30130 ||| INVOKING Brothers in Arms.
 30133 | Spider:2 | 30133 ||| INVOKING Berserk.
 30139 | Spider:2 | Reached XP level 17. HP: 163/163 MP: 16/16
 30271 | Spider:2 | 30271 ||| Stepping ~*~*~tactically~*~*~ (hiding).
 30273 | Spider:2 | 30273 ||| INVOKING Brothers in Arms.
 30430 | Spider:2 | Found a transporter.
 30436 | Spider:2 | 30436 ||| Stepping ~*~*~tactically~*~*~ (stealth).
 30437 | Spider:2 | 30437 ||| INVOKING Berserk.
 30646 | Spider:2 | 30646 ||| Stepping ~*~*~tactically~*~*~ (stealth).
 30650 | Spider:2 | 30650 ||| Stepping ~*~*~tactically~*~*~ (stealth).
 30854 | Spider:2 | Noticed Arachne
 30869 | Spider:2 | Killed Arachne
 30926 | Spider:3 | 30926 ||| INVOKING Berserk.
 30947 | Spider:3 | 30947 ||| INVOKING Brothers in Arms.
 31106 | Spider:3 | 31106 ||| Stepping ~*~*~tactically~*~*~ (hiding).
 31107 | Spider:3 | 31107 ||| Stepping ~*~*~tactically~*~*~ (hiding).
 31152 | Spider:3 | 31152 ||| Stepping ~*~*~tactically~*~*~ (stealth).
 31153 | Spider:3 | 31153 ||| INVOKING Berserk.
 31187 | Spider:3 | 31187 ||| Stepping ~*~*~tactically~*~*~ (stealth).
 31323 | Spider:3 | 31323 ||| Stepping ~*~*~tactically~*~*~ (hiding).
 31457 | Spider:3 | 31457 ||| Stepping ~*~*~tactically~*~*~ (stealth).
 31516 | Spider:3 | 31516 ||| Stepping ~*~*~tactically~*~*~ (hiding).
 31524 | Spider:3 | 31524 ||| Stepping ~*~*~tactically~*~*~ (stealth).
 31537 | Spider:3 | Reached skill level 15 in Armour
 31560 | Spider:3 | Identified Roxanne's Precepts of Terra Firma
 31560 | Spider:3 | Noticed Roxanne
 31566 | Spider:3 | 31566 ||| INVOKING Berserk.
 31569 | Spider:3 | Killed Roxanne
 31667 | Spider:3 | 31667 ||| Stepping ~*~*~tactically~*~*~ (stealth).
 31668 | Spider:3 | 31668 ||| Stepping ~*~*~tactically~*~*~ (stealth).
 31747 | Spider:3 | 31747 ||| FLEEEEING.
 31750 | Spider:3 | 31750 ||| Stepping ~*~*~tactically~*~*~ (stealth).
 31751 | Spider:3 | 31751 ||| Stepping ~*~*~tactically~*~*~ (stealth).
 31758 | Spider:3 | 31758 ||| FLEEEEING.
 31759 | Spider:3 | 31759 ||| FLEEEEING.
 31760 | Spider:3 | 31760 ||| FLEEEEING.
 31761 | Spider:3 | 31761 ||| FLEEEEING.
 31762 | Spider:3 | 31762 ||| FLEEEEING.
 31763 | Spider:3 | 31763 ||| STAIRDANCE
 31815 | Spider:3 | 31815 ||| PLANNING SWAMP:4
 31938 | Swamp:4  | Entered Level 4 of the Swamp
 31939 | Swamp:4  | 31939 ||| Stepping ~*~*~tactically~*~*~ (hiding).
 31982 | Swamp:4  | 31982 ||| Stepping ~*~*~tactically~*~*~ (hiding).
 32001 | Swamp:4  | 32001 ||| SWAPPING to +6 broad axe of flaming.
 32005 | Swamp:4  | 32005 ||| Stepping ~*~*~tactically~*~*~ (water).
 32005 | Swamp:4  | Noticed the 27-headed Lernaean hydra
 32014 | Swamp:4  | 32014 ||| INVOKING Berserk.
 32014 | Swamp:4  | HP: 61/252 [the 26-headed Lernaean hydra (11)]
 32018 | Swamp:4  | HP: 30/252 [the 22-headed Lernaean hydra (6)]
 32018 | Swamp:4  | HP: 7/252 [the 22-headed Lernaean hydra (9)]
 32018 | Swamp:4  | HP: 3/252 [the 22-headed Lernaean hydra (4)]
 32019 | Swamp:4  | Killed the 21-headed Lernaean hydra
 32036 | Swamp:4  | 32036 ||| DRINKING 9 potions of heal wounds.
 32037 | Swamp:4  | 32037 ||| DRINKING 8 potions of heal wounds.
 32038 | Swamp:4  | 32038 ||| INVOKING Brothers in Arms.
 32041 | Swamp:4  | 32041 ||| SWAPPING to +8 war axe of Discomfort {vamp,
                  | +Blink Str+3}.
 32053 | Swamp:4  | 32053 ||| FLEEEEING.
 32054 | Swamp:4  | 32054 ||| FLEEEEING.
 32057 | Swamp:4  | 32057 ||| SWAPPING to +6 broad axe of flaming.
 32060 | Swamp:4  | HP: 42/168 [swamp dragon (3)]
 32061 | Swamp:4  | 32061 ||| READING 5 scrolls of teleportation.
 32063 | Swamp:4  | 32063 ||| SWAPPING to +8 war axe of Discomfort {vamp,
                  | +Blink Str+3}.
 32064 | Swamp:4  | 32064 ||| DRINKING 7 potions of heal wounds.
 32159 | Swamp:4  | 32159 ||| Stepping ~*~*~tactically~*~*~ (stealth).
 32160 | Swamp:4  | 32160 ||| INVOKING Berserk.
 32212 | Swamp:4  | 32212 ||| Stepping ~*~*~tactically~*~*~ (stealth).
 32253 | Swamp:4  | 32253 ||| INVOKING Berserk.
 32310 | Swamp:4  | 32310 ||| Stepping ~*~*~tactically~*~*~ (hiding).
 32313 | Swamp:4  | 32313 ||| INVOKING Berserk.
 32333 | Swamp:4  | 32333 ||| SWAPPING to +6 broad axe of flaming.
 32339 | Swamp:4  | 32339 ||| SWAPPING to +8 war axe of Discomfort {vamp,
                  | +Blink Str+3}.
 32431 | Swamp:4  | 32431 ||| INVOKING Berserk.
 32831 | Swamp:4  | 32831 ||| Stepping ~*~*~tactically~*~*~ (stealth).
 32909 | Swamp:4  | Got a decaying rune of Zot
 33098 | Swamp:4  | 33098 ||| PLANNING VAULTS:1-4
 33320 | Vaults:1 | Entered Level 1 of the Vaults
 33560 | Vaults:1 | 33560 ||| INVOKING Berserk.
 33881 | Vaults:1 | Found Ifaps's Weapon Shop.
 33902 | Vaults:1 | 33902 ||| Stepping ~*~*~tactically~*~*~ (hiding).
 33910 | Vaults:1 | 33910 ||| Stepping ~*~*~tactically~*~*~ (hiding).
 34030 | Vaults:1 | 34030 ||| INVOKING Trog's Hand.
 34049 | Vaults:1 | 34049 ||| INVOKING Trog's Hand.
 34131 | Vaults:1 | 34131 ||| Stepping ~*~*~tactically~*~*~ (stealth).
 34141 | Vaults:1 | Reached XP level 18. HP: 178/178 MP: 17/17
 34141 | Vaults:1 | 34141 ||| INVOKING Brothers in Arms.
 34142 | Vaults:1 | 34142 ||| INVOKING Berserk.
 34288 | Vaults:1 | 34288 ||| DROPPING +6 broad axe of flaming.
 34296 | Vaults:1 | 34296 ||| Stepping ~*~*~tactically~*~*~ (hiding).
 34309 | Vaults:1 | 34309 ||| INVOKING Trog's Hand.
 34441 | Vaults:1 | Identified the +1 falchion of Courage {venom, Str+6 Dex+3}
 34464 | Vaults:1 | 34464 ||| DRINKING 2 potions of resistance.
 34525 | Vaults:1 | Reached skill level 21 in Shields
 34787 | Vaults:1 | 34787 ||| Stepping ~*~*~tactically~*~*~ (stealth).
 34788 | Vaults:1 | 34788 ||| Stepping ~*~*~tactically~*~*~ (stealth).
 34794 | Vaults:1 | 34794 ||| Stepping ~*~*~tactically~*~*~ (stealth).
 34858 | Vaults:1 | 34858 ||| DROPPING ring of protection from cold.
 34859 | Vaults:1 | 34859 ||| UPGRADING to +4 ring of protection.
 34861 | Vaults:1 | 34861 ||| DROPPING +6 ring of dexterity.
 34954 | Vaults:2 | 34954 ||| INVOKING Brothers in Arms.
 34955 | Vaults:2 | 34955 ||| INVOKING Brothers in Arms.
 34957 | Vaults:2 | 34957 ||| INVOKING Berserk.
 35092 | Vaults:2 | 35092 ||| Stepping ~*~*~tactically~*~*~ (stealth).
 35094 | Vaults:2 | 35094 ||| Stepping ~*~*~tactically~*~*~ (stealth).
 35099 | Vaults:2 | 35099 ||| Stepping ~*~*~tactically~*~*~ (stealth).
 35101 | Vaults:2 | 35101 ||| Stepping ~*~*~tactically~*~*~ (stealth).
 35141 | Vaults:2 | 35141 ||| DRINKING potion of resistance.
 35300 | Vaults:2 | 35300 ||| INVOKING Trog's Hand.
 35338 | Vaults:2 | 35338 ||| INVOKING Trog's Hand.
 35345 | Vaults:2 | Reached skill level 21 in Fighting
 35347 | Vaults:2 | 35347 ||| INVOKING Berserk.
 35614 | Vaults:2 | 35614 ||| INVOKING Brothers in Arms.
 35617 | Vaults:2 | 35617 ||| INVOKING Berserk.
 35924 | Vaults:2 | 35924 ||| INVOKING Trog's Hand.
 36081 | Vaults:2 | 36081 ||| Stepping ~*~*~tactically~*~*~ (stealth).
 36103 | Vaults:2 | Reached skill level 18 in Armour
 36478 | Vaults:3 | 36478 ||| PLANNING WIZLAB
 36560 | Vaults:3 | Noticed a lich
 36561 | Vaults:3 | 36561 ||| INVOKING Trog's Hand.
 36567 | Vaults:3 | 36567 ||| INVOKING Berserk.
 36577 | Vaults:3 | Killed a lich
 36695 | Vaults:3 | 36695 ||| Stepping ~*~*~tactically~*~*~ (hiding).
 36811 | Vaults:3 | 36811 ||| Stepping ~*~*~tactically~*~*~ (stealth).
 36813 | Vaults:3 | 36813 ||| INVOKING Berserk.
 36940 | Vaults:3 | 36940 ||| Stepping ~*~*~tactically~*~*~ (hiding).
 36953 | Vaults:3 | Noticed Boris
 36953 | Vaults:3 | 36953 ||| INVOKING Brothers in Arms.
 36954 | Vaults:3 | 36954 ||| INVOKING Berserk.
 36960 | Vaults:3 | Killed Boris
 37038 | Vaults:3 | 37038 ||| Stepping ~*~*~tactically~*~*~ (stealth).
 37132 | Vaults:3 | Reached XP level 19. HP: 185/191 MP: 18/18
 37142 | Vaults:3 | 37142 ||| INVOKING Brothers in Arms.
 37143 | Vaults:3 | 37143 ||| INVOKING Berserk.
 37199 | Vaults:3 | 37199 ||| RIP WIZLAB
 37274 | Vaults:3 | 37274 ||| PLANNING VAULTS:1-4
 37372 | Vaults:3 | Found Awenuepp's Antique Weapon Shoppe.
 37424 | Vaults:3 | 37424 ||| Stepping ~*~*~tactically~*~*~ (stealth).
 37425 | Vaults:3 | 37425 ||| INVOKING Brothers in Arms.
 37561 | Vaults:3 | 37561 ||| Stepping ~*~*~tactically~*~*~ (hiding).
 37576 | Vaults:3 | Identified the +10 war axe of the Many Beasts {protect,
                  | Str-4 Int+5}
 37813 | Vaults:3 | 37813 ||| INVOKING Brothers in Arms.
 37814 | Vaults:3 | 37814 ||| INVOKING Berserk.
 37944 | Vaults:3 | 37944 ||| Stepping ~*~*~tactically~*~*~ (stealth).
 37947 | Vaults:3 | 37947 ||| Stepping ~*~*~tactically~*~*~ (stealth).
 38003 | Vaults:3 | 38003 ||| Stepping ~*~*~tactically~*~*~ (hiding).
 38062 | Vaults:3 | Found a staircase to the Crypt.
 38111 | Vaults:3 | Found Funetes's Antique Weapon Boutique.
 38115 | Vaults:3 | 38115 ||| INVOKING Trog's Hand.
 38169 | Vaults:3 | 38169 ||| Stepping ~*~*~tactically~*~*~ (hiding).
 38544 | Vaults:4 | 38544 ||| STAIRDANCE
 38554 | Vaults:4 | 38554 ||| STAIRDANCE
 38589 | Vaults:4 | 38589 ||| STAIRDANCE
 38611 | Vaults:4 | 38611 ||| INVOKING Berserk.
 38766 | Vaults:4 | 38766 ||| INVOKING Trog's Hand.
 38773 | Vaults:4 | Received a gift from Trog
 38802 | Vaults:4 | Paralysed by a great orb of eyes for 5 turns
 38807 | Vaults:4 | 38807 ||| INVOKING Trog's Hand.
 38916 | Vaults:4 | 38916 ||| INVOKING Trog's Hand.
 38941 | Vaults:4 | 38941 ||| Stepping ~*~*~tactically~*~*~ (stealth).
 38944 | Vaults:4 | 38944 ||| INVOKING Berserk.
 39124 | Vaults:4 | 39124 ||| Stepping ~*~*~tactically~*~*~ (stealth).
 39126 | Vaults:4 | 39126 ||| Stepping ~*~*~tactically~*~*~ (stealth).
 39215 | Vaults:4 | Found a runed translucent door.
 39225 | Vaults:4 | 39225 ||| Stepping ~*~*~tactically~*~*~ (stealth).
 39243 | Vaults:4 | Reached skill level 12 in Dodging
 39246 | Vaults:4 | 39246 ||| INVOKING Trog's Hand.
 39254 | Vaults:4 | 39254 ||| Stepping ~*~*~tactically~*~*~ (hiding).
 39256 | Vaults:4 | 39256 ||| INVOKING Brothers in Arms.
 39257 | Vaults:4 | 39257 ||| INVOKING Berserk.
 39376 | Vaults:4 | 39376 ||| Stepping ~*~*~tactically~*~*~ (hiding).
 39377 | Vaults:4 | 39377 ||| Stepping ~*~*~tactically~*~*~ (stealth).
 39378 | Vaults:4 | 39378 ||| Stepping ~*~*~tactically~*~*~ (hiding).
 39384 | Vaults:4 | 39384 ||| INVOKING Trog's Hand.
 39386 | Vaults:4 | 39386 ||| INVOKING Berserk.
 39421 | Vaults:4 | 39421 ||| Stepping ~*~*~tactically~*~*~ (stealth).
 39425 | Vaults:4 | 39425 ||| INVOKING Trog's Hand.
 39454 | Vaults:4 | 39454 ||| FLEEEEING.
 39455 | Vaults:4 | 39455 ||| FLEEEEING.
 39456 | Vaults:4 | 39456 ||| FLEEEEING.
 39457 | Vaults:4 | 39457 ||| FLEEEEING.
 39458 | Vaults:4 | 39458 ||| FLEEEEING.
 39459 | Vaults:4 | 39459 ||| FLEEEEING.
 39460 | Vaults:4 | 39460 ||| FLEEEEING.
 39478 | Vaults:4 | Reached XP level 20. HP: 171/204 MP: 19/19
 39630 | Vaults:4 | 39630 ||| Stepping ~*~*~tactically~*~*~ (hiding).
 39633 | Vaults:4 | 39633 ||| Stepping ~*~*~tactically~*~*~ (hiding).
 39769 | Vaults:4 | 39769 ||| INVOKING Trog's Hand.
 39781 | Vaults:4 | 39781 ||| Stepping ~*~*~tactically~*~*~ (hiding).
 39784 | Vaults:4 | 39784 ||| INVOKING Berserk.
 39800 | Abyss:3  | Cast into level 3 of the Abyss (a wizard)
 39801 | Abyss:3  | 39801 ||| INVOKING Trog's Hand.
 39872 | Abyss:3  | 39872 ||| Stepping ~*~*~tactically~*~*~ (hiding).
 39874 | Abyss:3  | 39874 ||| INVOKING Trog's Hand.
 39899 | Abyss:3  | 39899 ||| Stepping ~*~*~tactically~*~*~ (hiding).
 39900 | Abyss:3  | 39900 ||| Stepping ~*~*~tactically~*~*~ (hiding).
 39915 | Abyss:3  | Noticed a bone dragon
 39933 | Abyss:3  | Killed a bone dragon
 39973 | Abyss:3  | Reached skill level 24 in Fighting
 39993 | Abyss:3  | 39993 ||| Stepping ~*~*~tactically~*~*~ (stealth).
 40014 | Abyss:3  | 40014 ||| Stepping ~*~*~tactically~*~*~ (stealth).
 40015 | Abyss:3  | 40015 ||| Stepping ~*~*~tactically~*~*~ (stealth).
 40018 | Abyss:3  | 40018 ||| Stepping ~*~*~tactically~*~*~ (hiding).
 40020 | Abyss:3  | Noticed a bone dragon
 40051 | Abyss:3  | Killed a bone dragon
 40058 | Abyss:3  | 40058 ||| INVOKING Trog's Hand.
 40072 | Abyss:3  | 40072 ||| Stepping ~*~*~tactically~*~*~ (stealth).
 40073 | Abyss:3  | 40073 ||| Stepping ~*~*~tactically~*~*~ (stealth).
 40090 | Abyss:3  | 40090 ||| Stepping ~*~*~tactically~*~*~ (hiding).
 40091 | Abyss:3  | 40091 ||| INVOKING Trog's Hand.
 40094 | Abyss:3  | 40094 ||| Stepping ~*~*~tactically~*~*~ (hiding).
 40105 | Abyss:3  | 40105 ||| Stepping ~*~*~tactically~*~*~ (stealth).
 40120 | Abyss:3  | 40120 ||| INVOKING Brothers in Arms.
 40121 | Abyss:3  | 40121 ||| INVOKING Brothers in Arms.
 40123 | Abyss:3  | 40123 ||| INVOKING Berserk.
 40159 | Abyss:3  | Paralysed by accursed screaming for 1 turns
 40167 | Abyss:3  | Received a gift from Trog
 40173 | Abyss:3  | 40173 ||| Stepping ~*~*~tactically~*~*~ (stealth).
 40180 | Abyss:3  | 40180 ||| Stepping ~*~*~tactically~*~*~ (stealth).
 40188 | Abyss:3  | 40188 ||| INVOKING Berserk.
 40198 | Abyss:3  | Noticed a profane servitor
 40199 | Abyss:3  | 40199 ||| Stepping ~*~*~tactically~*~*~ (hiding).
 40199 | Abyss:3  | Noticed a bone dragon
 40200 | Abyss:3  | 40200 ||| Stepping ~*~*~tactically~*~*~ (hiding).
 40201 | Abyss:3  | 40201 ||| Stepping ~*~*~tactically~*~*~ (hiding).
 40210 | Abyss:3  | 40210 ||| INVOKING Brothers in Arms.
 40214 | Abyss:3  | HP: 37/163 [profane servitor/+3 vampiric demon whip (11)]
 40215 | Abyss:3  | 40215 ||| READING 6 scrolls of teleportation.
 40215 | Abyss:3  | Killed a bone dragon
 40216 | Abyss:3  | 40216 ||| DRINKING 7 potions of heal wounds.
 40220 | Vaults:4 | Escaped the Abyss
 40228 | Vaults:4 | 40228 ||| INVOKING Berserk.
 40236 | Vaults:4 | HP: 60/243 [profane servitor/+3 vampiric demon whip (8)]
 40335 | Vaults:4 | Noticed Margery
 40343 | Vaults:4 | 40343 ||| INVOKING Berserk.
 40351 | Vaults:4 | Killed Margery
 40555 | Vaults:4 | 40555 ||| INVOKING Trog's Hand.
 40588 | Vaults:4 | Found a huge runed gate.
 40588 | Vaults:4 | Found a huge runed gate.
 40588 | Vaults:4 | Found a huge runed gate.
 40588 | Vaults:4 | Found a huge runed gate.
 40588 | Vaults:4 | Found a huge runed gate.
 40588 | Vaults:4 | Found a huge runed gate.
 40588 | Vaults:4 | Found a huge runed gate.
 40589 | Vaults:4 | Found a huge runed gate.
 40589 | Vaults:4 | Found a huge runed gate.
 40589 | Vaults:4 | Found a huge runed gate.
 40590 | Vaults:4 | 40590 ||| INVOKING Trog's Hand.
 40597 | Vaults:4 | Found a huge runed gate.
 40597 | Vaults:4 | Found a huge runed gate.
 40597 | Vaults:4 | Found a huge runed gate.
 40597 | Vaults:4 | Found a huge runed gate.
 40597 | Vaults:4 | Found a huge runed gate.
 40597 | Vaults:4 | Found a huge runed gate.
 40598 | Vaults:4 | Found a huge runed gate.
 40599 | Vaults:4 | Found a huge runed gate.
 40600 | Vaults:4 | Found a huge runed gate.
 40608 | Vaults:4 | Found a huge runed gate.
 40608 | Vaults:4 | Found a huge runed gate.
 40608 | Vaults:4 | Found a huge runed gate.
 40608 | Vaults:4 | Found a huge runed gate.
 40608 | Vaults:4 | Found a huge runed gate.
 40608 | Vaults:4 | Found a huge runed gate.
 40609 | Vaults:4 | Found a huge runed gate.
 40610 | Vaults:4 | Found a huge runed gate.
 40611 | Vaults:4 | Found a huge runed gate.
 40621 | Vaults:4 | Found a huge runed gate.
 40621 | Vaults:4 | Found a huge runed gate.
 40621 | Vaults:4 | Found a huge runed gate.
 40621 | Vaults:4 | Found a huge runed gate.
 40621 | Vaults:4 | Found a huge runed gate.
 40621 | Vaults:4 | Found a huge runed gate.
 40622 | Vaults:4 | Found a huge runed gate.
 40623 | Vaults:4 | Found a huge runed gate.
 40643 | Vaults:4 | 40643 ||| Stepping ~*~*~tactically~*~*~ (stealth).
 40660 | Vaults:4 | 40660 ||| Stepping ~*~*~tactically~*~*~ (stealth).
 40728 | Vaults:4 | 40728 ||| Stepping ~*~*~tactically~*~*~ (stealth).
 40729 | Vaults:4 | 40729 ||| INVOKING Trog's Hand.
 40846 | Vaults:4 | 40846 ||| Stepping ~*~*~tactically~*~*~ (stealth).
 40865 | Vaults:4 | Killed a profane servitor
 40957 | Vaults:4 | Paralysed by a sphinx for 3 turns
 40960 | Vaults:4 | 40960 ||| Stepping ~*~*~tactically~*~*~ (hiding).
 40961 | Vaults:4 | 40961 ||| INVOKING Trog's Hand.
 41286 | Vaults:4 | Noticed Vatovie's ghost (veteran MiFi)
 41288 | Vaults:4 | 41288 ||| PLANNING SPIDER:4
 41288 | Vaults:4 | 41288 ||| DROPPING +0 chain mail of willpower.
 41613 | Spider:4 | Entered Level 4 of the Spider Nest
 41634 | Spider:4 | Identified the +5 hand axe of Ru, Bedazzling {elec, Dex+3}
 41637 | Spider:4 | 41637 ||| Stepping ~*~*~tactically~*~*~ (stealth).
 41641 | Spider:4 | 41641 ||| Stepping ~*~*~tactically~*~*~ (hiding).
 41784 | Spider:4 | 41784 ||| Stepping ~*~*~tactically~*~*~ (hiding).
 41788 | Spider:4 | 41788 ||| Stepping ~*~*~tactically~*~*~ (hiding).
 41792 | Spider:4 | 41792 ||| Stepping ~*~*~tactically~*~*~ (stealth).
 41846 | Spider:4 | Noticed Bai Suzhen
 41863 | Spider:4 | Noticed Donald
 41864 | Spider:4 | 41864 ||| INVOKING Berserk.
 41867 | Spider:4 | Killed Bai Suzhen
 41892 | Spider:4 | Killed Donald
 41914 | Spider:4 | 41914 ||| Stepping ~*~*~tactically~*~*~ (stealth).
 41928 | Spider:4 | 41928 ||| FLEEEEING.
 41929 | Spider:4 | 41929 ||| INVOKING Brothers in Arms.
 41931 | Spider:4 | 41931 ||| INVOKING Berserk.
 41971 | Spider:4 | 41971 ||| Stepping ~*~*~tactically~*~*~ (stealth).
 42029 | Spider:4 | 42029 ||| Stepping ~*~*~tactically~*~*~ (stealth).
 42030 | Spider:4 | 42030 ||| Stepping ~*~*~tactically~*~*~ (stealth).
 42031 | Spider:4 | 42031 ||| Stepping ~*~*~tactically~*~*~ (hiding).
 42032 | Spider:4 | 42032 ||| Stepping ~*~*~tactically~*~*~ (hiding).
 42173 | Spider:4 | 42173 ||| Stepping ~*~*~tactically~*~*~ (stealth).
 42174 | Spider:4 | 42174 ||| Stepping ~*~*~tactically~*~*~ (stealth).
 42175 | Spider:4 | 42175 ||| Stepping ~*~*~tactically~*~*~ (stealth).
 42176 | Spider:4 | 42176 ||| Stepping ~*~*~tactically~*~*~ (stealth).
 42322 | Spider:4 | 42322 ||| Stepping ~*~*~tactically~*~*~ (stealth).
 42323 | Spider:4 | 42323 ||| Stepping ~*~*~tactically~*~*~ (stealth).
 42327 | Spider:4 | 42327 ||| Stepping ~*~*~tactically~*~*~ (stealth).
 42343 | Spider:4 | 42343 ||| Stepping ~*~*~tactically~*~*~ (stealth).
 42349 | Spider:4 | 42349 ||| Stepping ~*~*~tactically~*~*~ (stealth).
 42368 | Spider:4 | 42368 ||| Stepping ~*~*~tactically~*~*~ (hiding).
 42383 | Spider:4 | 42383 ||| INVOKING Berserk.
 42387 | Spider:4 | HP: 74/304 [wolf spider (9)]
 42400 | Spider:4 | HP: 46/209 [wolf spider (16)]
 42401 | Spider:4 | 42401 ||| READING 6 scrolls of teleportation.
 42402 | Spider:4 | 42402 ||| DRINKING 6 potions of heal wounds.
 42403 | Spider:4 | 42403 ||| DRINKING 5 potions of heal wounds.
 42405 | Spider:4 | 42405 ||| READING 5 scrolls of teleportation.
 42405 | Spider:4 | HP: 46/209 [poisoned by a jorogumo]
 42406 | Spider:4 | 42406 ||| DRINKING 4 potions of heal wounds.
 42407 | Spider:4 | 42407 ||| INVOKING Brothers in Arms.
 42421 | Spider:4 | 42421 ||| INVOKING Brothers in Arms.
 42421 | Spider:4 | HP: 45/210 [culicivora[a torpor snail] (14)]
 42422 | Spider:4 | 42422 ||| DRINKING 11 potions of curing.
 42422 | Spider:4 | 42422 ||| (to cure confusion)
 42423 | Spider:4 | 42423 ||| READING 4 scrolls of teleportation.
 42423 | Spider:4 | HP: 18/210 [sun moth (6)]
 42424 | Spider:4 | 42424 ||| DRINKING 3 potions of heal wounds.
 42425 | Spider:4 | 42425 ||| DRINKING 2 potions of heal wounds.
 42428 | Spider:4 | HP: 20/210 [poisoned by a wolf spider]
 42430 | Spider:4 | 42430 ||| FLEEEEING.
 42431 | Spider:4 | 42431 ||| FLEEEEING.
 42432 | Spider:4 | 42432 ||| STAIRDANCE
 42433 | Spider:3 | HP: 14/210 [poisoned by a wolf spider]
 42875 | Spider:3 | 42875 ||| UPGRADING to +3 storm dragon scales {Bai Suzhen}.
 42885 | Spider:3 | 42885 ||| DROPPING +0 storm dragon scales.
 42886 | Spider:3 | 42886 ||| DROPPING +1 plate armour of Dishonour {Harm rC-
                  | rCorr Int+7}.
 42887 | Spider:3 | 42887 ||| DROPPING +4 chain mail of the Loofah {rC+
                  | Stlth+}.
 42896 | Spider:4 | Gained mutation: You have sharp toenails. [mutagenic glow]
 42897 | Spider:4 | 42897 ||| FLEEEEING.
 42899 | Spider:4 | 42899 ||| FLEEEEING.
 42914 | Spider:4 | 42914 ||| Stepping ~*~*~tactically~*~*~ (stealth).
 42934 | Spider:4 | 42934 ||| Stepping ~*~*~tactically~*~*~ (stealth).
 42936 | Spider:4 | 42936 ||| Stepping ~*~*~tactically~*~*~ (hiding).
 42938 | Spider:4 | 42938 ||| Stepping ~*~*~tactically~*~*~ (hiding).
 42955 | Spider:4 | 42955 ||| Stepping ~*~*~tactically~*~*~ (stealth).
 42969 | Spider:4 | 42969 ||| FLEEEEING.
 43029 | Spider:4 | 43029 ||| Stepping ~*~*~tactically~*~*~ (hiding).
 43031 | Spider:4 | 43031 ||| Stepping ~*~*~tactically~*~*~ (hiding).
 43032 | Spider:4 | 43032 ||| Stepping ~*~*~tactically~*~*~ (hiding).
 43112 | Spider:4 | Got a gossamer rune of Zot
 43370 | Spider:4 | 43370 ||| PLANNING DEPTHS
 43370 | Spider:4 | 43370 ||| DROPPING scarf of repulsion.
 43371 | Spider:4 | 43371 ||| DROPPING ring of poison resistance.
 43372 | Spider:4 | 43372 ||| UPGRADING to +6 ring of strength.
 43374 | Spider:4 | 43374 ||| UPGRADING to +0 pair of gloves of Servitude
                  | {rPois rCorr Str+4 Dex-5}.
 43384 | Spider:4 | 43384 ||| DROPPING ring of poison resistance.
 43459 | Lair:2   | 43459 ||| Stepping ~*~*~tactically~*~*~ (stealth).
 43461 | Lair:2   | 43461 ||| Stepping ~*~*~tactically~*~*~ (stealth).
 43636 | Depths:1 | Entered Level 1 of the Depths
 43660 | Depths:1 | 43660 ||| Stepping ~*~*~tactically~*~*~ (stealth).
 43726 | Depths:1 | 43726 ||| Stepping ~*~*~tactically~*~*~ (hiding).
 43744 | Depths:1 | 43744 ||| INVOKING Brothers in Arms.
 43749 | Depths:1 | Reached XP level 21. HP: 217/217 MP: 20/20
 43767 | Depths:1 | 43767 ||| INVOKING Trog's Hand.
 43768 | Depths:1 | 43768 ||| INVOKING Berserk.
 43785 | Depths:1 | Received a gift from Trog
 43792 | Depths:1 | Reached skill level 21 in Armour
 43802 | Depths:1 | 43802 ||| INVOKING Brothers in Arms.
 43892 | Depths:1 | Noticed Boris
 43893 | Depths:1 | 43893 ||| Stepping ~*~*~tactically~*~*~ (stealth).
 43894 | Depths:1 | 43894 ||| INVOKING Berserk.
 43898 | Depths:1 | Killed Boris
 44047 | Depths:1 | Identified the +4 short sword of Afickum {venom, Will+++
                  | Int+4 Dex-3}
 44048 | Depths:1 | Identified the amulet "Eduneizu" {Faith +Inv Will++}
 44056 | Depths:1 | 44056 ||| INVOKING Trog's Hand.
 44057 | Depths:1 | 44057 ||| INVOKING Berserk.
 44188 | Depths:1 | 44188 ||| INVOKING Berserk.
 44189 | Depths:1 | Paralysed by a floating eye for 2 turns
 44198 | Depths:1 | Paralysed by a floating eye for 2 turns
 44488 | Depths:1 | 44488 ||| Stepping ~*~*~tactically~*~*~ (stealth).
 44519 | Depths:1 | Found a gateway to Hell.
 44624 | Depths:1 | 44624 ||| Stepping ~*~*~tactically~*~*~ (hiding).
 44638 | Depths:1 | 44638 ||| Stepping ~*~*~tactically~*~*~ (cloud).
 44656 | Depths:1 | 44656 ||| Stepping ~*~*~tactically~*~*~ (water).
 44703 | Depths:1 | 44703 ||| INVOKING Berserk.
 44731 | Depths:1 | 44731 ||| Stepping ~*~*~tactically~*~*~ (stealth).
 44751 | Depths:1 | 44751 ||| Stepping ~*~*~tactically~*~*~ (stealth).
 44786 | Depths:1 | 44786 ||| INVOKING Berserk.
 44942 | Depths:1 | Found a one-way gateway to a ziggurat.
 44949 | Depths:1 | 44949 ||| INVOKING Berserk.
 45091 | Depths:1 | 45091 ||| Stepping ~*~*~tactically~*~*~ (hiding).
 45094 | Depths:1 | 45094 ||| INVOKING Berserk.
 45231 | Depths:1 | Found an ancient bone altar of Kikubaaqudgha.
 45395 | Depths:1 | 45395 ||| DROPPING amulet "Eduneizu" {Faith +Inv Will++}.
 45396 | Depths:1 | 45396 ||| DROPPING amulet of guardian spirit.
 45403 | Depths:2 | 45403 ||| INVOKING Berserk.
 45411 | Depths:2 | 45411 ||| FLEEEEING.
 45412 | Depths:2 | 45412 ||| INVOKING Trog's Hand.
 45418 | Depths:2 | 45418 ||| STAIRDANCE
 45647 | Depths:2 | 45647 ||| Stepping ~*~*~tactically~*~*~ (hiding).
 45999 | Depths:2 | 45999 ||| Stepping ~*~*~tactically~*~*~ (hiding).
 46000 | Depths:2 | 46000 ||| Stepping ~*~*~tactically~*~*~ (hiding).
 46001 | Depths:2 | 46001 ||| Stepping ~*~*~tactically~*~*~ (hiding).
 46002 | Depths:2 | 46002 ||| Stepping ~*~*~tactically~*~*~ (hiding).
 46004 | Depths:2 | 46004 ||| Stepping ~*~*~tactically~*~*~ (hiding).
 46141 | Depths:2 | Noticed a juggernaut
 46143 | Depths:2 | 46143 ||| INVOKING Trog's Hand.
 46144 | Depths:2 | 46144 ||| INVOKING Berserk.
 46156 | Depths:2 | Killed a juggernaut
 46202 | Depths:2 | 46202 ||| INVOKING Brothers in Arms.
 46210 | Depths:2 | 46210 ||| READING 6 scrolls of teleportation.
 46211 | Depths:2 | HP: 55/220 [spriggan rider/+0 spear (2)]
 46212 | Depths:2 | 46212 ||| DRINKING potion of heal wounds.
 46631 | Depths:2 | Found a one-way gate leading to the halls of Pandemonium.
 46741 | Depths:2 | 46741 ||| Stepping ~*~*~tactically~*~*~ (hiding).
 46753 | Depths:2 | 46753 ||| INVOKING Berserk.
 46935 | Depths:2 | 46935 ||| INVOKING Berserk.
 47064 | Depths:2 | 47064 ||| INVOKING Berserk.
 47213 | Depths:2 | 47213 ||| INVOKING Trog's Hand.
 47216 | Depths:2 | 47216 ||| INVOKING Berserk.
 47466 | Depths:2 | 47466 ||| INVOKING Berserk.
 47595 | Depths:2 | 47595 ||| Stepping ~*~*~tactically~*~*~ (stealth).
 47804 | Depths:2 | 47804 ||| INVOKING Berserk.
 47933 | Depths:2 | 47933 ||| Stepping ~*~*~tactically~*~*~ (stealth).
 48274 | Depths:2 | 48274 ||| READING scroll of enchant armour.
 48274 | Depths:2 | 48274 ||| ENCHANTING +3 storm dragon scales {Bai Suzhen}.
 48289 | Depths:2 | 48289 ||| DROPPING +4 plate armour.
 48391 | Depths:3 | Noticed a golden dragon
 48391 | Depths:3 | 48391 ||| READING 7 scrolls of teleportation.
 48393 | Depths:3 | 48393 ||| FLEEEEING.
 48394 | Depths:3 | 48394 ||| INVOKING Trog's Hand.
 48397 | Depths:3 | 48397 ||| Stepping ~*~*~tactically~*~*~ (hiding).
 48412 | Depths:3 | 48412 ||| INVOKING Trog's Hand.
 48426 | Depths:3 | 48426 ||| Stepping ~*~*~tactically~*~*~ (stealth).
 48450 | Depths:3 | Identified the ring "Caag" {rElec rC+ Dex+4}
 48461 | Depths:3 | 48461 ||| INVOKING Brothers in Arms.
 48464 | Depths:3 | 48464 ||| INVOKING Berserk.
 48475 | Depths:3 | Paralysed by a sphinx for 2 turns
 48476 | Depths:3 | Reached XP level 22. HP: 228/228 MP: 21/21
 48653 | Depths:3 | 48653 ||| Stepping ~*~*~tactically~*~*~ (hiding).
 48774 | Depths:3 | 48774 ||| INVOKING Brothers in Arms.
 48775 | Depths:3 | 48775 ||| INVOKING Brothers in Arms.
 48776 | Depths:3 | 48776 ||| INVOKING Berserk.
 48936 | Depths:3 | 48936 ||| Stepping ~*~*~tactically~*~*~ (stealth).
 48938 | Depths:3 | 48938 ||| Stepping ~*~*~tactically~*~*~ (hiding).
 48943 | Depths:3 | 48943 ||| INVOKING Berserk.
 48953 | Depths:3 | Killed a golden dragon
 49095 | Depths:3 | 49095 ||| Stepping ~*~*~tactically~*~*~ (hiding).
 49153 | Depths:3 | Noticed Mennas
 49154 | Depths:3 | 49154 ||| Stepping ~*~*~tactically~*~*~ (hiding).
 49156 | Depths:3 | 49156 ||| INVOKING Berserk.
 49200 | Depths:3 | 49200 ||| DRINKING 11 potions of curing.
 49200 | Depths:3 | 49200 ||| (to cure confusion)
 49229 | Depths:3 | 49229 ||| DRINKING 10 potions of curing.
 49229 | Depths:3 | 49229 ||| (to cure confusion)
 49230 | Depths:3 | 49230 ||| INVOKING Berserk.
 49236 | Depths:3 | Killed Mennas
 49588 | Depths:3 | 49588 ||| Stepping ~*~*~tactically~*~*~ (stealth).
 49649 | Depths:3 | Identified the +5 ring mail of the Gardener {rF+ rN++}
 49703 | Depths:3 | Found a corrupted altar of Lugonu.
 49704 | Depths:3 | Found a one-way gate to the infinite horrors of the Abyss.
 49737 | Depths:3 | 49737 ||| UPGRADING to +0 gold dragon scales.
 49747 | Depths:3 | 49747 ||| INVOKING Trog's Hand.
 49859 | Depths:3 | 49859 ||| UPGRADING to +2 pair of gloves.
 49869 | Depths:3 | 49869 ||| DROPPING +0 pair of gloves of Servitude {rPois
                  | rCorr Str+4 Dex-5}.
 49870 | Depths:3 | 49870 ||| UPGRADING to +2 pair of gloves of dexterity.
 49880 | Depths:3 | 49880 ||| DROPPING +2 pair of gloves.
 49881 | Depths:3 | 49881 ||| DROPPING +1 chain mail of Divine Compulsion
                  | {Contam rF++ rC+}.
 49924 | Depths:3 | 49924 ||| DRINKING potion of cancellation.
 50100 | Depths:3 | 50100 ||| INVOKING Berserk.
 50361 | Depths:3 | 50361 ||| INVOKING Berserk.
 50367 | Depths:3 | Noticed a golden dragon
 50379 | Depths:3 | Killed a golden dragon
 50393 | Depths:3 | Identified the amulet "Jinyngott" {RegenMP rC- Str+6 Dex+3}
 50394 | Depths:3 | 50394 ||| Stepping ~*~*~tactically~*~*~ (stealth).
 50413 | Depths:3 | Noticed a caustic shrike
 50414 | Depths:3 | 50414 ||| Stepping ~*~*~tactically~*~*~ (stealth).
 50428 | Depths:3 | Killed a caustic shrike
 50433 | Depths:3 | 50433 ||| INVOKING Berserk.
 50451 | Depths:3 | Noticed a golden dragon
 50452 | Depths:3 | 50452 ||| Stepping ~*~*~tactically~*~*~ (stealth).
 50459 | Depths:3 | Killed a golden dragon
 50498 | Depths:3 | 50498 ||| UPGRADING to ring "Caag" {rElec rC+ Dex+4}.
 50564 | Depths:4 | Entered Level 4 of the Depths
 50588 | Depths:4 | 50588 ||| Stepping ~*~*~tactically~*~*~ (hiding).
 50616 | Depths:4 | 50616 ||| Stepping ~*~*~tactically~*~*~ (hiding).
 50620 | Depths:4 | 50620 ||| INVOKING Berserk.
 50783 | Depths:4 | 50783 ||| Stepping ~*~*~tactically~*~*~ (hiding).
 50795 | Depths:4 | 50795 ||| Stepping ~*~*~tactically~*~*~ (hiding).
 50869 | Depths:4 | 50869 ||| INVOKING Berserk.
 51023 | Depths:4 | 51023 ||| Stepping ~*~*~tactically~*~*~ (hiding).
 51039 | Depths:4 | Found a shadowy altar of Dithmenos.
 51116 | Depths:4 | 51116 ||| Stepping ~*~*~tactically~*~*~ (hiding).
 51117 | Depths:4 | 51117 ||| Stepping ~*~*~tactically~*~*~ (hiding).
 51121 | Depths:4 | 51121 ||| INVOKING Berserk.
 51143 | Depths:4 | 51143 ||| Stepping ~*~*~tactically~*~*~ (hiding).
 51156 | Depths:4 | Reached skill level 24 in Armour
 51165 | Depths:4 | 51165 ||| INVOKING Trog's Hand.
 51175 | Depths:4 | 51175 ||| INVOKING Berserk.
 51224 | Depths:4 | 51224 ||| INVOKING Brothers in Arms.
 51225 | Depths:4 | 51225 ||| INVOKING Brothers in Arms.
 51228 | Depths:4 | 51228 ||| INVOKING Brothers in Arms.
 51271 | Depths:4 | 51271 ||| Stepping ~*~*~tactically~*~*~ (hiding).
 51382 | Depths:4 | Found Idduc's Armour Emporium.
 51436 | Depths:4 | Found a gate to the Realm of Zot.
 51471 | Depths:4 | Found an opulent altar of Gozag.
 51498 | Depths:4 | 51498 ||| Stepping ~*~*~tactically~*~*~ (hiding).
 51511 | Depths:4 | Noticed a caustic shrike
 51511 | Depths:4 | Noticed a caustic shrike
 51511 | Depths:4 | Noticed a caustic shrike
 51511 | Depths:4 | Noticed a caustic shrike
 51513 | Depths:4 | 51513 ||| INVOKING Berserk.
 51519 | Depths:4 | Killed a caustic shrike
 51525 | Depths:4 | Killed a caustic shrike
 51531 | Depths:4 | Killed a caustic shrike
 51533 | Depths:4 | Killed a caustic shrike
 51874 | Depths:4 | 51874 ||| INVOKING Berserk.
 52014 | Depths:4 | 52014 ||| PLANNING VAULTS:5
 52389 | Vaults:5 | Entered Level 5 of the Vaults
 52391 | Vaults:5 | 52391 ||| STAIRDANCE
 52449 | Vaults:5 | 52449 ||| STAIRDANCE
 52518 | Vaults:5 | 52518 ||| STAIRDANCE
 52583 | Vaults:5 | 52583 ||| STAIRDANCE
 52585 | Vaults:4 | 52585 ||| INVOKING Berserk.
 52753 | Vaults:5 | 52753 ||| STAIRDANCE
 52822 | Vaults:5 | 52822 ||| INVOKING Brothers in Arms.
 52824 | Vaults:5 | 52824 ||| INVOKING Berserk.
 52840 | Vaults:5 | Reached XP level 23. HP: 236/236 MP: 22/22
 52843 | Vaults:5 | 52843 ||| INVOKING Brothers in Arms.
 52963 | Vaults:5 | Identified the +7 great sword of Brawling {holy, Will+}
 52992 | Vaults:5 | 52992 ||| Stepping ~*~*~tactically~*~*~ (hiding).
 53104 | Vaults:5 | 53104 ||| Stepping ~*~*~tactically~*~*~ (hiding).
 53105 | Vaults:5 | 53105 ||| Stepping ~*~*~tactically~*~*~ (hiding).
 53107 | Vaults:5 | 53107 ||| Stepping ~*~*~tactically~*~*~ (hiding).
 53116 | Vaults:5 | 53116 ||| INVOKING Berserk.
 53279 | Vaults:5 | 53279 ||| FLEEEEING.
 53280 | Vaults:5 | 53280 ||| FLEEEEING.
 53281 | Vaults:5 | 53281 ||| FLEEEEING.
 53282 | Vaults:5 | 53282 ||| FLEEEEING.
 53283 | Vaults:5 | 53283 ||| FLEEEEING.
 53284 | Vaults:5 | 53284 ||| FLEEEEING.
 53285 | Vaults:5 | 53285 ||| FLEEEEING.
 53286 | Vaults:5 | 53286 ||| FLEEEEING.
 53287 | Vaults:5 | 53287 ||| FLEEEEING.
 53288 | Vaults:5 | 53288 ||| FLEEEEING.
 53289 | Vaults:5 | 53289 ||| FLEEEEING.
 53290 | Vaults:5 | 53290 ||| FLEEEEING.
 53291 | Vaults:5 | 53291 ||| FLEEEEING.
 53292 | Vaults:5 | 53292 ||| FLEEEEING.
 53293 | Vaults:5 | 53293 ||| FLEEEEING.
 53294 | Vaults:5 | 53294 ||| FLEEEEING.
 53295 | Vaults:5 | 53295 ||| FLEEEEING.
 53306 | Vaults:5 | 53306 ||| FLEEEEING.
 53307 | Vaults:5 | 53307 ||| FLEEEEING.
 53308 | Vaults:5 | 53308 ||| FLEEEEING.
 53312 | Vaults:5 | Found the +7 great mace "Undeadhunter" {disrupt, rN+}
 53313 | Vaults:5 | 53313 ||| INVOKING Berserk.
 53337 | Vaults:5 | Noticed a dread lich
 53338 | Vaults:5 | 53338 ||| INVOKING Trog's Hand.
 53342 | Vaults:5 | 53342 ||| INVOKING Brothers in Arms.
 53352 | Vaults:5 | 53352 ||| INVOKING Trog's Hand.
 53358 | Vaults:5 | HP: 53/236 [???[a dread lich] (40)]
 53359 | Vaults:5 | 53359 ||| READING 7 scrolls of teleportation.
 53359 | Vaults:5 | Paralysed by a dread lich for 4 turns
 53426 | Vaults:5 | 53426 ||| Stepping ~*~*~tactically~*~*~ (stealth).
 53431 | Vaults:5 | 53431 ||| INVOKING Berserk.
 53449 | Vaults:5 | 53449 ||| Stepping ~*~*~tactically~*~*~ (stealth).
 53457 | Vaults:5 | 53457 ||| Stepping ~*~*~tactically~*~*~ (stealth).
 53467 | Vaults:5 | 53467 ||| INVOKING Trog's Hand.
 53471 | Vaults:5 | 53471 ||| INVOKING Berserk.
 53598 | Vaults:5 | 53598 ||| Stepping ~*~*~tactically~*~*~ (hiding).
 53621 | Vaults:5 | 53621 ||| INVOKING Berserk.
 53736 | Vaults:5 | Got a silver rune of Zot
 53743 | Vaults:5 | 53743 ||| Stepping ~*~*~tactically~*~*~ (hiding).
 53746 | Vaults:5 | 53746 ||| INVOKING Berserk.
 53897 | Vaults:5 | 53897 ||| INVOKING Berserk.
 53960 | Vaults:5 | 53960 ||| Stepping ~*~*~tactically~*~*~ (stealth).
 53986 | Vaults:5 | 53986 ||| Stepping ~*~*~tactically~*~*~ (stealth).
 53987 | Vaults:5 | 53987 ||| Stepping ~*~*~tactically~*~*~ (stealth).
 53992 | Vaults:5 | 53992 ||| Stepping ~*~*~tactically~*~*~ (stealth).
 53993 | Vaults:5 | 53993 ||| Stepping ~*~*~tactically~*~*~ (stealth).
 53994 | Vaults:5 | 53994 ||| Stepping ~*~*~tactically~*~*~ (stealth).
 54010 | Vaults:5 | 54010 ||| Stepping ~*~*~tactically~*~*~ (stealth).
 54012 | Vaults:5 | 54012 ||| Stepping ~*~*~tactically~*~*~ (hiding).
 54017 | Vaults:5 | 54017 ||| Stepping ~*~*~tactically~*~*~ (stealth).
 54138 | Vaults:5 | Identified the +2 leather armour "Werogeyn" {Dex+2}
 54140 | Vaults:5 | 54140 ||| INVOKING Berserk.
 54209 | Vaults:5 | 54209 ||| INVOKING Berserk.
 54244 | Vaults:5 | Reached skill level 15 in Dodging
 54245 | Vaults:5 | 54245 ||| INVOKING Berserk.
 54260 | Vaults:5 | Killed a dread lich
 54268 | Vaults:5 | Identified the +7 battleaxe of Niresch {vamp, rC+ Str+2
                  | Int+4}
 54269 | Vaults:5 | 54269 ||| INVOKING Trog's Hand.
 54288 | Vaults:5 | 54288 ||| Stepping ~*~*~tactically~*~*~ (stealth).
 54294 | Vaults:5 | 54294 ||| INVOKING Trog's Hand.
 54350 | Vaults:5 | 54350 ||| FLEEEEING.
 54351 | Vaults:5 | 54351 ||| FLEEEEING.
 54352 | Vaults:5 | 54352 ||| FLEEEEING.
 54353 | Vaults:5 | 54353 ||| FLEEEEING.
 54354 | Vaults:5 | 54354 ||| FLEEEEING.
 54355 | Vaults:5 | 54355 ||| FLEEEEING.
 54356 | Vaults:5 | 54356 ||| FLEEEEING.
 54361 | Vaults:5 | 54361 ||| INVOKING Berserk.
 54578 | Vaults:5 | 54578 ||| INVOKING Trog's Hand.
 54581 | Vaults:5 | 54581 ||| INVOKING Berserk.
 54715 | Vaults:5 | Identified the +0 pair of gloves "Tengi" {-Cast Harm rPois
                  | rC++ SInv}
 54721 | Vaults:5 | Identified the quicksilver dragon scales "Lyakoenn" {rElec
                  | rPois rF- Will+ Int+2}
 54728 | Vaults:5 | Identified the ring "Aninun" {Ice rCorr}
 54763 | Vaults:5 | Identified the +0 helmet of Death's Door {Will- rCorr Str+2
                  | Slay+5}
 54894 | Vaults:5 | 54894 ||| Stepping ~*~*~tactically~*~*~ (hiding).
 54898 | Vaults:5 | 54898 ||| INVOKING Trog's Hand.
 55222 | Vaults:5 | 55222 ||| PLANNING SHOPPING SPREE
 55222 | Vaults:5 | 55222 ||| UPGRADING to +2 cloak of willpower.
 55232 | Vaults:5 | 55232 ||| DROPPING +2 cloak.
 55233 | Vaults:5 | 55233 ||| DROPPING quicksilver dragon scales "Lyakoenn"
                  | {rElec rPois rF- Will+ Int+2}.
 55234 | Vaults:5 | 55234 ||| DROPPING ring "Aninun" {Ice rCorr}.
 55235 | Vaults:5 | 55235 ||| PLANNING ZOT:1-4
 55621 | Zot:1    | Entered Level 1 of the Realm of Zot
 55624 | Zot:1    | 55624 ||| INVOKING Berserk.
 55825 | Zot:1    | 55825 ||| INVOKING Berserk.
 56055 | Zot:1    | 56055 ||| Stepping ~*~*~tactically~*~*~ (stealth).
 56057 | Zot:1    | 56057 ||| Stepping ~*~*~tactically~*~*~ (hiding).
 56061 | Zot:1    | 56061 ||| INVOKING Berserk.
 56257 | Zot:1    | 56257 ||| Stepping ~*~*~tactically~*~*~ (hiding).
 56273 | Zot:1    | 56273 ||| INVOKING Berserk.
 56276 | Zot:1    | Reached skill level 27 in Armour
 56364 | Zot:1    | 56364 ||| INVOKING Berserk.
 56676 | Zot:1    | 56676 ||| READING 2 scrolls of enchant armour.
 56676 | Zot:1    | 56676 ||| ENCHANTING +0 gold dragon scales.
 56677 | Zot:1    | 56677 ||| READING scroll of enchant armour.
 56677 | Zot:1    | 56677 ||| ENCHANTING +1 gold dragon scales.
 56717 | Zot:1    | 56717 ||| INVOKING Berserk.
 56859 | Zot:1    | 56859 ||| Stepping ~*~*~tactically~*~*~ (hiding).
 57197 | Zot:2    | 57197 ||| Stepping ~*~*~tactically~*~*~ (hiding).
 57215 | Zot:2    | 57215 ||| INVOKING Berserk.
 57225 | Zot:2    | Reached skill level 1 in Evocations
 57347 | Zot:2    | 57347 ||| Stepping ~*~*~tactically~*~*~ (hiding).
 57353 | Zot:2    | 57353 ||| INVOKING Berserk.
 57513 | Zot:2    | 57513 ||| INVOKING Berserk.
 57522 | Zot:2    | Reached skill level 3 in Evocations
 57655 | Zot:2    | Noticed an orb of fire
 57656 | Zot:2    | 57656 ||| Stepping ~*~*~tactically~*~*~ (hiding).
 57657 | Zot:2    | 57657 ||| Stepping ~*~*~tactically~*~*~ (hiding).
 57659 | Zot:2    | 57659 ||| INVOKING Brothers in Arms.
 57660 | Zot:2    | 57660 ||| INVOKING Brothers in Arms.
 57661 | Zot:2    | 57661 ||| INVOKING Brothers in Arms.
 57662 | Zot:2    | 57662 ||| INVOKING Berserk.
 57680 | Zot:2    | Killed an orb of fire
 57958 | Zot:2    | Identified the +3 scale mail "Wyeptiyh" {rF+}
 57982 | Zot:2    | 57982 ||| INVOKING Berserk.
 58061 | Zot:2    | 58061 ||| Stepping ~*~*~tactically~*~*~ (stealth).
 58062 | Zot:2    | 58062 ||| Stepping ~*~*~tactically~*~*~ (stealth).
 58252 | Zot:2    | 58252 ||| INVOKING Berserk.
 58442 | Zot:3    | Noticed an orb of fire
 58443 | Zot:3    | 58443 ||| STAIRDANCE
 58455 | Zot:2    | Reached XP level 24. HP: 217/243 MP: 22/22
 58521 | Zot:3    | 58521 ||| STAIRDANCE
 58603 | Zot:3    | 58603 ||| INVOKING Berserk.
 58611 | Zot:3    | Killed an orb of fire
 58726 | Zot:3    | 58726 ||| Stepping ~*~*~tactically~*~*~ (stealth).
 58775 | Zot:3    | 58775 ||| INVOKING Berserk.
 58868 | Zot:3    | 58868 ||| INVOKING Berserk.
 59040 | Zot:3    | 59040 ||| INVOKING Berserk.
 59225 | Zot:3    | 59225 ||| Stepping ~*~*~tactically~*~*~ (hiding).
 59229 | Zot:3    | 59229 ||| INVOKING Berserk.
 59255 | Zot:3    | Reached skill level 27 in Fighting
 59368 | Zot:3    | 59368 ||| Stepping ~*~*~tactically~*~*~ (hiding).
 59372 | Zot:3    | 59372 ||| INVOKING Berserk.
 59545 | Zot:3    | Identified the ring "Talischo" {AC+4 Str+7 Int+7 Stlth-}
 59692 | Zot:3    | 59692 ||| INVOKING Berserk.
 59699 | Zot:3    | Reached skill level 21 in Axes
 59922 | Zot:3    | 59922 ||| Stepping ~*~*~tactically~*~*~ (stealth).
 59984 | Zot:3    | 59984 ||| INVOKING Berserk.
 60306 | Zot:3    | 60306 ||| INVOKING Berserk.
 60311 | Zot:3    | Reached skill level 18 in Dodging
 60920 | Zot:3    | 60920 ||| UPGRADING to ring "Talischo" {AC+4 Str+7 Int+7
                  | Stlth-}.
 60922 | Zot:3    | 60922 ||| DROPPING +6 ring of strength.
 60923 | Zot:3    | 60923 ||| DROPPING ring of fire.
 60924 | Zot:3    | 60924 ||| DROPPING ring of see invisible.
 60925 | Zot:3    | 60925 ||| UPGRADING to ring "Caag" {rElec rC+ Dex+4}.
 60953 | Zot:4    | Found the +4 dragonskin cloak
 60953 | Zot:4    | Noticed Tiamat
 60954 | Zot:4    | 60954 ||| STAIRDANCE
 60954 | Zot:4    | Identified the ring of Misseann {Ice Int+7}
 60954 | Zot:4    | Noticed Josephina
 60955 | Zot:4    | 60955 ||| INVOKING Brothers in Arms.
 60956 | Zot:4    | 60956 ||| INVOKING Berserk.
 60978 | Zot:4    | 60978 ||| INVOKING Brothers in Arms.
 60979 | Zot:4    | 60979 ||| INVOKING Brothers in Arms.
 60980 | Zot:4    | 60980 ||| INVOKING Brothers in Arms.
 60988 | Zot:4    | HP: 57/236 [Tiamat/+1 demon trident of draining (7)]
 60989 | Zot:4    | 60989 ||| READING 8 scrolls of teleportation.
 60990 | Zot:4    | 60990 ||| DRINKING 4 potions of heal wounds.
 60991 | Zot:4    | 60991 ||| DRINKING 3 potions of heal wounds.
 60992 | Zot:4    | 60992 ||| DRINKING 2 potions of heal wounds.
 60994 | Zot:4    | HP: 52/234 [Josephina/staff of cold (8)]
 60995 | Zot:4    | 60995 ||| DRINKING potion of heal wounds.
 60999 | Zot:4    | Noticed an orb of fire
 60999 | Zot:4    | HP: 42/232 [orb of fire/bolt of fire (28)]
 61000 | Zot:4    | 61000 ||| READING 7 scrolls of teleportation.
 61000 | Zot:4    | HP: 19/232 [red draconian/searing blast[a yellow draconian
                  | annihilator] (3)]
 61002 | Zot:4    | HP: 7/232 [yellow draconian annihilator/iron shot (13)]
 61002 | Zot:4    | Killed from afar by a red draconian

Levels and vault maps discovered:
D:1:      dpeg_arrival_leaves_temple_mockup, layout_loops_ring,
          shapermc_ecumenical_altar_mp_ritualfount
D:2:      layout_rooms, minmay_split_cup_small
D:3:      layout_basic, riverfiend_overflow_shadow_ancestor,
          serial_bayou_ford_a, uniq_robin, uniq_natasha
D:4:      layout_basic, minmay_quadrilaterals
D:5:      layout_loops_corners, minmay_temple_entry_enclosed_plants,
          serial_glass, glass_columns_c, glass_columns_b, feat_on_display,
          feat_on_display
D:6:      layout_rooms, pf_guarded_unrand_woodcutter, uniq_eustachio
D:7:      layout_layer_cave, enter_bailey_3, minmay_misc_feat_rugged
D:8:      layout_loops_cross, nicolae_hexahallways, minmay_misc_feat_five,
          uniq_grum
D:9:      layout_cave_pools, hellmonk_ghost_happy_afterlife,
          hangedman_decor_riveting, uniq_gastronok
D:10:     layout_loops_ring, due_lair_maze_entry_diamond, nicolae_diode_stairs
D:11:     layout_gridville, erik_orc_2
D:12:     minmay_shoctagon, layout_cave_pools
D:13:     layout_roguey, nzn_ghost_randoct, uniq_urug
D:14:     layout_loops_ring, david_vaults_5, hangedman_glass_teeth, zin_angel,
          uniq_lodul
D:15:     hangedman_depths_entry_try_elsewhere_first, layout_loops_corners,
          nicolae_ru_sacrificial_ziggurat, serial_shops, shop, special_room
          [special_room_bee]
Lair:1:   layout_regular_city
Lair:2:   layout_cave_pods, nicolae_spider_entry_non_spiders,
          nicolae_lair_lil_pond, minmay_stone_trees_small,
          dreamdust_gnoll_shepherd, lemuel_fruit_fields, lemuel_fruit_tree
Lair:3:   layout_cellular_growth, swamp_mist, grunt_megastairs_5
Lair:4:   layout_gridlike, slime_entry_1, chequers_serial_rivers_room_a,
          beast_lair_carwin_9
Lair:5:   hangedman_lair_caniforms_friends, layout_cave_shapes, wormcave,
          grunt_megastairs_3
Swamp:1:  layout_falls_marsh, evilmike_swamp_ruin_house_1, swamp_pool1,
          nicolae_swamp_well_well_well
Swamp:2:  layout_falls_marsh, evilmike_swamp_ruin_house_2, swamp_pool5,
          nicolae_swamp_big_swirl
Swamp:3:  layout_basic_swamp, serial_swamp_ruin, evilmike_swamp_ruin_rubble_2,
          evilmike_swamp_ruin_house_4, evilmike_swamp_ruin_house_5, swamp_pool1
Swamp:4:  swamp_old_school, layout_basic_swamp, infiniplex_staircase_pool
Spider:1: layout_spider_delve, uniq_jorgrun
Spider:2: gammafunk_sealed_arena, uniq_arachne
Spider:3: layout_spider_delve, uniq_roxanne
Spider:4: johnstein_spider_rune_arachne_lair, dreamdust_wasp_nest,
          uniq_bai_suzhen, uniq_donald
Orc:1:    layout_caves, serial_shops, nicolae_shop_hallway_plus, basic_altar,
          minmay_orc_temple_a
Orc:2:    grunt_orc_community_town_hall, layout_caves,
          grunt_orc_community_big_house_2, grunt_orc_community_big_house_2,
          grunt_orc_community_house_1, grunt_orc_community_house_2,
          grunt_orc_community_house_3, grunt_orc_community_house_3,
          enter_volcano_4, serial_shops, shop, minmay_shop_mayhem, uniq_maurice,
          uniq_azrael
Vaults:1: nicolae_vaults_ninety_degrees, ontoclasm_vaults_twist,
          vaults_dpeg_spiral, hangedman_vaults_stretched_pinwheel,
          hangedman_vaults_variations, v_misc_13, vaults_dpeg_hooks,
          ontoclasm_vaults_idyll, vaults_room_grid, v_misc_31,
          vaults_room_stairs_pillars, layout_vaults_omnicross, serial_shops,
          nicolae_shop_statue_plus
Vaults:2: v_misc_23, ontoclasm_vaults_ring_large, vaults_room_fours,
          nicolae_vaults_little_squares_5, vaults_room_door_ring,
          nicolae_vaults_gold_heap, layout_vaults_quadrants
Vaults:3: mu_enter_wizlab_6, hangedman_vaults_locks, v_pattern_4,
          dpeg_vaults_monster_row, v_rooms_2, vaults_mumra_minichess_inversion,
          grunt_vaults_twisty, minmay_crypt_entry_simple_corners,
          vaults_mumra_lcd, v_misc_14, nicolae_vaults_little_squares_6,
          serial_ice_b, layout_vaults_maze, serial_shops,
          nicolae_shop_temple_entry_statues_fountains, nicolae_shop_statue_plus,
          uniq_boris
Vaults:4: ebering_ghost_reflecting_pool, v_misc_22, v_misc_22,
          grunt_vaults_trifunnel, nicolae_vaults_angled_halls,
          hangedman_vaults_stream, v_rooms_3, nicolae_vaults_theta,
          ontoclasm_vaults_hangar, hangedman_vaults_stagger, door_vault,
          vaults_mumra_hexcomb, nicolae_vaults_alarming,
          ontoclasm_vaults_decontamination, layout_vaults_omnibox, uniq_margery
Vaults:5: serial_shops
Depths:1: grunt_arcs, layout_gridlike, enter_ziggurat_b, grunt_metal_band,
          lemuel_zombie_altar_kikubaaqudgha
Depths:2: grunt_deathspiral_small, layout_honeycomb, grunt_hell_entry_dis_old,
          rand_demon_pan_entry_7, minmay_door_square
Depths:3: minmay_the_grid_octo_triangle [minmay_the_grid_octo_fan_narrow,
          minmay_the_grid_octo_prize_single_spiral, minmay_the_grid_octo_teeth],
          layout_gridlike, hangedman_abyss_or_decor_clamps, hell_entry,
          abyss_entry_flame_altar, dispersion_dpeg, uniq_mennas
Depths:4: grunt_zot_entry_alcove, layout_gridville, serial_shops,
          nicolae_diamond_shop, hell_entry, nicolae_dithmenos_the_darkroom,
          eino_curves_01, nicolae_gozag_cash_rules_everything_around_me,
          serial_bayou_shore_b
Zot:1:    kennysheep_blocky_room, layout_cathedral_of_symmetry, st_stairs_11
Zot:2:    layout_misc_corridors
Zot:3:    layout_cathedral_of_symmetry, st_stairs_3,
          kennysheep_underground_church, grunt_megastairs_4
Zot:4:    dreamdust_black_sun_cult, layout_onion_interference,
          guppyfry_library_mini, uniq_josephina, uniq_tiamat

Skill      XL: |  1  2  3  4  5  6  7  8  9 10 11 12 13 14 15 16 17 18 19 20 21 22 23 24 |
---------------+-------------------------------------------------------------------------+-----
Axes           | 4 5 6 7 8 9 10 12 14 16 18 19 20 21 | 21.0
Fighting       | 4 5 7 8 9 10 13 15 18 20 22 23 25 26 27 | 27.0
Dodging        | 3 4 6 7 9 10 12 14 16 18 | 18.6
Armour         | 3 4 6 8 10 12 13 14 16 18 19 20 23 25 27 | 27.0
Throwing       | 1 3 4 7 8 |  8.6
Shields        | 9 11 13 17 18 20 21 22 23 | 23.1
Evocations     | 4 |  4.4

Action                   |  1- 3 |  4- 6 |  7- 9 | 10-12 | 13-15 | 16-18 | 19-21 | 22-24 || total
-------------------------+-------+-------+-------+-------+-------+-------+-------+-------++-------
Melee: Hand axe          |    99 |    66 |    89 |       |       |       |       |       ||   254
       Headbutt          |     7 |     6 |    41 |    75 |   136 |   326 |   494 |   495 ||  1580
       Punch             |       |     1 |     5 |     2 |       |       |       |       ||     8
       War axe           |       |       |   148 |   208 |    98 |  1184 |  1628 |  1532 ||  4798
       Broad axe         |       |       |       |   175 |   564 |    50 |       |       ||   789
       Morningstar       |       |       |       |     2 |       |       |       |       ||     2
Throw: Boomerang         |       |    35 |    38 |       |    16 |    99 |   155 |    76 ||   419
       Javelin           |       |       |       |    60 |    46 |    65 |       |       ||   171
Invok: Berserk           |     3 |     6 |     9 |     8 |     8 |    30 |    31 |    49 ||   144
       Brothers in Arms  |       |       |       |     4 |    17 |    15 |    12 |     9 ||    57
       Trog's Hand       |       |       |       |       |     2 |     9 |    23 |     9 ||    43
  Use: Scroll            |     6 |     3 |     9 |    11 |    12 |     2 |     7 |     5 ||    55
       Potion            |     3 |       |     2 |     7 |     3 |     6 |     8 |     7 ||    36
 Stab: Distracted        |       |     1 |       |     2 |     7 |     3 |       |     1 ||    14
       Confused          |       |       |       |       |       |       |       |     2 ||     2
Armor: Animal skin       |    14 |     1 |       |       |       |       |       |       ||    15
       Scale mail        |       |    14 |    95 |    30 |       |       |       |       ||   139
       Plate armour      |       |       |       |    80 |   271 |       |       |       ||   351
       Chain mail        |       |       |       |       |    11 |   495 |   588 |       ||  1094
       Storm dragon scal |       |       |       |       |       |       |   189 |    74 ||   263
       Gold dragon scale |       |       |       |       |       |       |       |   675 ||   675
Dodge: Dodged            |    50 |    21 |   136 |   100 |   165 |   308 |   498 |   543 ||  1821
Block: Kite shield       |       |       |       |    74 |    80 |       |       |       ||   154
       Tower shield      |       |       |       |       |   546 |  1257 |  1750 |  1898 ||  5451
       Reflection        |       |       |       |       |    20 |    47 |    52 |    25 ||   144

Table legend:
 A = Non-vault XP
 B = Vault XP
 C = Vault XP percentage of total XP
 D = Non-vault monster count
 E = Vault monster count
 F = Vault count percentage of total count
                 A         B        C        D         E       F
            +---------+---------+-------+---------+---------+-------
      Total |  669186 |  424131 |  38.8 |    1276 |     705 |  35.6
            +---------+---------+-------+---------+---------+-------
        D:1 |      39 |       0 |   0.0 |      23 |       0 |   0.0
        D:2 |      24 |       7 |  22.6 |      10 |       3 |  23.1
        D:3 |     104 |      63 |  37.7 |      12 |       9 |  42.9
        D:4 |     166 |     138 |  45.4 |      11 |       4 |  26.7
        D:5 |     386 |       0 |   0.0 |      11 |       0 |   0.0
        D:6 |     592 |     571 |  49.1 |      12 |      12 |  50.0
        D:7 |    1144 |       7 |   0.6 |      22 |       4 |  15.4
        D:8 |    3179 |     413 |  11.5 |      18 |       3 |  14.3
        D:9 |    3275 |    1507 |  31.5 |      29 |       1 |   3.3
       D:10 |    1402 |    1916 |  57.7 |      30 |      10 |  25.0
       D:11 |    3425 |     679 |  16.5 |      13 |      21 |  61.8
       D:12 |    2957 |    3222 |  52.1 |      15 |       7 |  31.8
       D:13 |   10863 |     800 |   6.9 |      24 |       1 |   4.0
       D:14 |    9871 |    7460 |  43.0 |      15 |      17 |  53.1
       D:15 |    4454 |    3809 |  46.1 |       9 |      23 |  71.9
     Lair:1 |    7966 |       0 |   0.0 |      26 |       0 |   0.0
     Lair:2 |    5576 |     659 |  10.6 |      30 |      10 |  25.0
     Lair:3 |    8655 |    2796 |  24.4 |      39 |       6 |  13.3
     Lair:4 |   13813 |    3223 |  18.9 |      36 |       6 |  14.3
     Lair:5 |   20980 |   13036 |  38.3 |      53 |      64 |  54.7
    Swamp:1 |   14822 |       0 |   0.0 |      31 |       0 |   0.0
    Swamp:2 |   10154 |       0 |   0.0 |      18 |       0 |   0.0
    Swamp:3 |    9036 |       0 |   0.0 |      17 |       0 |   0.0
    Swamp:4 |   11220 |   17949 |  61.5 |      19 |      25 |  56.8
   Spider:1 |   20515 |    1850 |   8.3 |      58 |       1 |   1.7
   Spider:2 |   10553 |    2206 |  17.3 |      22 |       1 |   4.3
   Spider:3 |   18692 |    1309 |   6.5 |      42 |       1 |   2.3
   Spider:4 |   14757 |   30069 |  67.1 |      33 |      59 |  64.1
      Orc:1 |    5300 |     135 |   2.5 |      40 |       7 |  14.9
      Orc:2 |    2608 |   10322 |  79.8 |      24 |      84 |  77.8
   Vaults:1 |   20895 |   15720 |  42.9 |      30 |      19 |  38.8
   Vaults:2 |   37646 |    2998 |   7.4 |      46 |       3 |   6.1
   Vaults:3 |   45228 |   41171 |  47.7 |      62 |      48 |  43.6
   Vaults:4 |   42564 |   45958 |  51.9 |      62 |      56 |  47.5
   Vaults:5 |    8870 |   62048 |  87.5 |      13 |      55 |  80.9
   Depths:1 |   17150 |   33624 |  66.2 |      17 |      42 |  71.2
   Depths:2 |   33465 |   36571 |  52.2 |      41 |      38 |  48.1
   Depths:3 |   17092 |   29730 |  63.5 |      23 |      17 |  42.5
   Depths:4 |   50248 |   17497 |  25.8 |      46 |      15 |  24.6
      Zot:1 |   32715 |   14093 |  30.1 |      29 |      11 |  27.5
      Zot:2 |   35726 |     498 |   1.4 |      27 |       1 |   3.6
      Zot:3 |   72451 |   12685 |  14.9 |      66 |      11 |  14.3
      Zot:4 |   11640 |    6624 |  36.3 |      11 |       9 |  45.0
    Abyss:3 |   26968 |     768 |   2.8 |      61 |       1 |   1.6
            +---------+---------+-------+---------+---------+-------
